 Dungeon Crawl Stone Soup version 0.27-a0-965-gbf8bb431c4 (webtiles) character file.

Game seed: 6135466091295697367

1188652 spiderkeys the Demonspawn of Death (level 27, -3/323 HPs)
             Began as a Demonspawn Abyssal Knight on Apr 13, 2021.
             Was the Champion of Lugonu.
             Slain by a Killer Klown
             ... wielding a +11 club of electrocution
              (20 damage)
             ... on level 21 of a ziggurat.
             The game lasted 05:11:41 (128554 turns).

spiderkeys the Demonspawn of Death (DsAK)         Turns: 128554, Time: 05:11:42

Health: -3/323     AC: 55    Str: 31    XL:     27
Magic:  26/46      EV: 28    Int: 16    God:    Lugonu [******]
Gold:   12294      SH: 22    Dex: 16    Spells: 4/64 levels left

rFire    + + +     SeeInvis +   n - +9 demon trident (distort)
rCold    + + +     Faith    .   l - +2 shield of Resistance {rF++ rC++ Will++}
rNeg     + + +     Spirit   .   D - +12 gold dragon scales
rPois    ∞         Reflect  +   (helmet unavailable)
rElec    .         Harm     .   O - +1 cloak of Starlight {*Dazzle EV+4 Stlth--}
rCorr    +         Rampage  .   P - +2 pair of gloves {Dex+3}
Will     +++++                  B - +2 pair of boots {Fly}
Stlth    ..........             b - amulet of reflection
HPRegen  2.63/turn              K - ring of the Hare {EV+8}
MPRegen  0.30/turn              I - ring of Etol {rC- rN+++ Will- rCorr Str+6}

@: about to teleport, lich-form, corroded, flying, studying 2 skills
A: draining attack, torment immunity, no potions, horns 3, powered by death 3,
robust 3, spiny 3, sharp scales 3, see invisible, strong-willed 1, sense
surroundings 1, strong 1, no potion heal 1
}: 9/15 runes: barnacled, slimy, silver, golden, iron, obsidian, icy, abyssal,
gossamer
a: End Transformation, Renounce Religion, Depart the Abyss, Bend Space, Banish,
Corrupt, Enter the Abyss


You were on level 21 of a ziggurat.
You worshipped Lugonu.
Lugonu was exalted by your worship.
You were an undead lich.
You visited 16 branches of the dungeon, and saw 82 of its levels.
You visited the Abyss 8 times.
You visited 1 ziggurat, and saw 21 of its levels.
You also visited: Gauntlet, Ice Cave and Wizlab.

You collected 15859 gold pieces.
You spent 3565 gold pieces at shops.

Inventory:

Hand Weapons
 g - the +6 arbalest "Damnation" {damnation}
   (You took it off a vault guard on level 5 of the Vaults)
 i - the +5 scythe "Finisher" {speed, eviscerate}
   (You found it on level 14 of a ziggurat)

   Attacks with this weapon are significantly faster.
 n - a +9 demon trident of distortion (weapon)
 x - a +9 demon trident of electrocution
 Y - a +9 demon trident of pain
Missiles
 L - 21 silver javelins (quivered)
 Z - 80 javelins
Armour
 l - the +2 shield of Resistance (worn) {rF++ rC++ Will++}
   (You found it on level 3 of the Crypt)

   It greatly protects you from fire.
   It greatly protects you from cold.
   It greatly increases your willpower.
 m - the +2 troll leather armour "Asuneby" {Will+ Regen+ Str+4 Int-5 Dex+8 Stlth+}
   (You found it on level 12 of a ziggurat)

   It affects your strength (+4).
   It affects your intelligence (-5).
   It affects your dexterity (+8).
   It increases your rate of health regeneration.
   It increases your willpower.
   It makes you more stealthy.
 B - a +2 pair of boots of flying (worn)
 D - +12 gold dragon scales (worn)
 O - the +1 cloak of Starlight (worn) {*Dazzle EV+4 Stlth--}
   (You found it on level 19 of a ziggurat)

   It affects your evasion (+4).
   It makes you much less stealthy.
 P - a +2 pair of gloves of dexterity (worn)
Jewellery
 b - an amulet of reflection (around neck)
 j - the ring of Xer Jia {rC+ Will- rCorr Int+8 SInv}
   (You acquired it on level 3 of the Crypt)

   [ring of resist corrosion]

   It affects your intelligence (+8).
   It protects you from cold.
   It lets you see invisible.
   It protects you from acid and corrosion.
   It decreases your willpower.
 r - the amulet of Koil {RegenMP Int+2}
   (You found it on level 15 of a ziggurat)

   [amulet of magic regeneration]

   It increases your rate of magic regeneration.
   It affects your intelligence (+2).
 u - the ring "Itauk" {*Slow rC+ Str+7 Dex+4}
   (You found it on level 20 of a ziggurat)

   [ring of protection from cold]

   It affects your strength (+7).
   It affects your dexterity (+4).
   It protects you from cold.
   It may slow you when you take damage.
 z - the ring "Cicuab Hyklu" {rC++ Str-4 Int+6 Dex+2}
   (You found it on level 18 of a ziggurat)

   [ring of intelligence]

   It affects your strength (-4).
   It affects your intelligence (+6).
   It affects your dexterity (+2).
   It greatly protects you from cold.
 I - the ring of Etol (right hand) {rC- rN+++ Will- rCorr Str+6}
   (You found it in a Gauntlet)

   [ring of strength]

   It affects your strength (+6).
   It makes you vulnerable to cold.
   It renders you almost immune to negative energy.
   It protects you from acid and corrosion.
   It decreases your willpower.
 K - the ring of the Hare (left hand) {EV+8}
   (You found it in a Gauntlet)

   [ring of evasion]

   It affects your evasion (+8).
 V - the amulet of the Air {Inacc Fly rElec EV+5 RMsl}
   (You found it on level 5 of the Pits of Slime)

   [amulet of nothing]

   It affects your evasion (+5).
   It insulates you from electricity.
   It grants you flight.
   It protects you from missiles.
Wands
 H - a wand of acid (10)
 N - a wand of digging (27)
 T - a wand of mindburst (40)
 U - a wand of iceblast (105)
Scrolls
 a - 19 scrolls of amnesia
 d - 11 scrolls of magic mapping
 f - 4 scrolls of enchant armour
 p - 19 scrolls of teleportation
 y - a scroll of silence
 A - 7 scrolls of fog
 J - a scroll of summoning
 S - 6 scrolls of fear
 W - a scroll of enchant weapon
Potions
 c - 5 potions of resistance
 h - 3 potions of magic
 k - 15 potions of haste
 o - 10 potions of curing
 q - 15 potions of mutation
 s - 6 potions of ambrosia
 w - 7 potions of brilliance
 C - 2 potions of invisibility
 E - 12 potions of cancellation
 F - 4 potions of berserk rage
 M - 6 potions of lignification
 X - 5 potions of might
Miscellaneous
 t - a phantom mirror
 G - a phial of floods
 R - a figurine of a ziggurat


   Skills:
 O Level 27 Fighting
 + Level 22.0 Polearms
 - Level 11.0 Throwing
 O Level 27 Armour
 * Level 17.6 Dodging
 - Level 15.0 Shields
 - Level 19.0 Spellcasting
 O Level 27 Necromancy
 + Level 26.8 Transmutations
 - Level 20.0 Invocations
 - Level 5.0 Evocations


You had 4 spell levels left.
You knew the following spells:

 Your Spells              Type           Power      Damage    Failure   Level
a - Animate Skeleton      Necr           100%       N/A       0%          1
b - Vampiric Draining     Necr           50%        2d13      0%          3
c - Animate Dead          Necr           50%        N/A       0%          4
d - Death Channel         Necr           50%        N/A       1%          6
e - Agony                 Necr           100%       N/A       0%          5
f - Borgnjor's Vile Clut  Necr/Erth      36%        N/A       1%          5
g - Necromutation         Tmut/Necr      50%        N/A       1%          8
h - Dispel Undead         Necr           100%       3d31      0%          4
i - Sublimation of Blood  Necr           50%        N/A       0%          2
j - Borgnjor's Revivific  Necr           50%        N/A       1%          8
k - Infestation           Necr           50%        N/A       1%          8
l - Statue Form           Tmut/Erth      36%        N/A       11%         6

Your spell library contained the following spells:

 Spells                   Type           Power      Damage    Failure   Level
 Beastly Appendage        Tmut           100%       N/A       0%          1
 Pain                     Necr           100%       1d9       0%          1
 Wereblood                Tmut           79%        N/A       0%          2
 Sting                    Tmut/Pois      100%       1d8       1%          1
 Corpse Rot               Necr/Air       N/A        N/A       1%          2
 Passwall                 Tmut/Erth      45%        N/A       1%          2
 Ignite Poison            Fire/Tmut/Pois 43%        N/A       1%          3
 Spider Form              Tmut/Pois      27%        N/A       1%          3
 Ice Form                 Ice/Tmut       55%        N/A       1%          4
 Petrify                  Tmut/Erth      55%        N/A       1%          4
 Apportation              Tloc           30%        N/A       19%         1
 Corona                   Hex            16%        N/A       19%         1
 Foxfire                  Conj/Fire      60%        2x1d7     19%         1
 Freeze                   Ice            60%        1d8       19%         1
 Magic Dart               Conj           60%        1d6       19%         1
 Sandblast                Erth           30%        2d9       19%         1
 Shock                    Conj/Air       60%        1d6       19%         1
 Summon Small Mammal      Summ           60%        N/A       19%         1
 Blink                    Tloc           N/A        N/A       26%         2
 Call Imp                 Summ           15%        N/A       26%         2
 Ensorcelled Hibernation  Hex/Ice        30%        N/A       26%         2
 Poisonous Vapours        Pois/Air       30%        N/A       26%         2
 Searing Ray              Conj           30%        3d4       26%         2
 Slow                     Hex            15%        N/A       26%         2
 Swiftness                Air            15%        N/A       26%         2
 Call Canine Familiar     Summ           15%        N/A       47%         3
 Confusing Touch          Hex            15%        N/A       47%         3
 Conjure Flame            Conj/Fire      15%        6-21      47%         3
 Dazzling Flash           Conj/Hex       30%        N/A       47%         3
 Frozen Ramparts          Ice            30%        1d5       47%         3
 Gell's Gravitas          Tloc           7%         N/A       47%         3
 Inner Flame              Hex/Fire       15%        N/A       47%         3
 Lesser Beckoning         Tloc           7%         N/A       47%         3
 Mephitic Cloud           Conj/Pois/Air  15%        N/A       47%         3
 Ozocubu's Armour         Ice            15%        N/A       47%         3
 Portal Projectile        Hex/Tloc       30%        N/A       47%         3
 Static Discharge         Conj/Air       15%        N/A       47%         3
 Stone Arrow              Conj/Erth      30%        3d8       47%         3
 Summon Guardian Golem    Hex/Summ       15%        N/A       47%         3
 Teleport Other           Tloc           15%        N/A       47%         3
 Tukima's Dance           Hex            15%        N/A       47%         3
 Airstrike                Air            7%         N/A       87%         4
 Animate Armour           Summ/Erth      30%        N/A       87%         4
 Cause Fear               Hex            7%         N/A       87%         4
 Fulminant Prism          Conj/Hex       7%         3d7       87%         4
 Hailstorm                Conj/Ice       15%        3d5       87%         4
 Iskenderun's Mystic Bla  Conj/Tloc      15%        2d5       87%         4
 Leda's Liquefaction      Hex/Erth       7%         N/A       87%         4
 Olgreb's Toxic Radiance  Pois           15%        N/A       87%         4
 Passage of Golubria      Tloc           N/A        N/A       87%         4
 Sticky Flame             Conj/Fire      15%        2d4       87%         4
 Summon Ice Beast         Ice/Summ       15%        N/A       87%         4
 Summon Lightning Spire   Summ/Air       15%        N/A       87%         4
 Excruciating Wounds      Necr           50%        N/A       0%          5
 Hydra Form               Tmut           39%        N/A       0%          5
 Alistair's Intoxication  Tmut/Pois      36%        N/A       1%          5
 Irradiate                Conj/Tmut      27%        3d22      1%          5
 Yara's Violent Unravell  Hex/Tmut       27%        3d12      1%          5
 Blade Hands              Tmut           39%        N/A       1%          6
 Dragon Form              Tmut           39%        N/A       1%          7
 Eringya's Noxious Bog    Tmut/Pois      27%        N/A       11%         6
 Simulacrum               Ice/Necr       36%        N/A       11%         6
 Death's Door             Necr           50%        N/A       28%         9
 Haunt                    Necr/Summ      36%        N/A       52%         7
 Bolt of Magma            Conj/Fire/Erth 7%         4d6       99%         5
 Fireball                 Conj/Fire      7%         3d5       99%         5
 Iskenderun's Battlesphe  Conj           15%        2d7       99%         5
 Lee's Rapid Deconstruct  Erth           7%         3d8*      99%         5
 Lightning Bolt           Conj/Air       7%         1d20      99%         5
 Manifold Assault         Tloc           15%        N/A       99%         5
 Metabolic Englaciation   Hex/Ice        7%         N/A       99%         5
 Silence                  Hex/Air        7%         N/A       99%         5
 Summon Forest            Summ/Tloc      7%         N/A       99%         5
 Summon Mana Viper        Hex/Summ       15%        N/A       99%         5
 Conjure Ball Lightning   Conj/Air       7%         3x3d6     100%        6
 Dispersal                Tloc           7%         N/A       100%        6
 Freezing Cloud           Conj/Ice/Air   7%         6-21      100%        6
 Invisibility             Hex            15%        N/A       100%        6
 Iron Shot                Conj/Erth      7%         9d2       100%        6
 Shadow Creatures         Summ           N/A        N/A       100%        6
 Starburst                Conj/Fire      7%         8x6d4     100%        6
 Malign Gateway           Summ/Tloc      7%         N/A       100%        7
 Monstrous Menagerie      Summ           7%         N/A       100%        7
 Orb of Destruction       Conj           7%         9d3       100%        7
 Ozocubu's Refrigeration  Ice            7%         4d6       100%        7
 Spellforged Servitor     Conj/Summ      7%         N/A       100%        7
 Summon Hydra             Summ           7%         N/A       100%        7
 Chain Lightning          Conj/Air       7%         N/A       100%        8
 Discord                  Hex            7%         N/A       100%        8
 Disjunction              Tloc           7%         N/A       100%        8
 Ignition                 Fire           7%         3d5       100%        8
 Lehudib's Crystal Spear  Conj/Erth      7%         10d3      100%        8
 Summon Horrible Things   Summ           7%         N/A       100%        8
 Absolute Zero            Ice            7%         ∞         100%        9
 Dragon's Call            Summ           7%         N/A       100%        9
 Fire Storm               Conj/Fire      7%         8d2       100%        9
 Shatter                  Erth           7%         3d10*     100%        9
 Tornado                  Air            7%         N/A       100%        9


Dungeon Overview and Level Annotations

Branches:
Dungeon (15/15)            Temple (0/1) D:7            Lair (6/6) D:10
 Shoals (4/4) Lair:2       Spider (4/4) Lair:3        Slime (5/5) Lair:6
    Orc (2/2) D:12            Elf (3/3) Orc:2        Vaults (5/5) D:14
  Crypt (3/3) Vaults:3       Tomb (3/3) Crypt:3      Depths (5/5) D:15
   Hell (visited)             Dis (7/7) Hell            Geh (7/7) Hell
    Coc (7/7) Hell            Tar (0/7) Hell            Zot (5/5) Depths:5
  IceCv (visited)          WizLab (visited)         Gauntlet (visited)

Altars:
Ashenzari
Fedhas
Kikubaaqudgha
Makhleb
Okawaru
Ru
Trog
Uskayaw
Vehumet
Wu Jian
Xom
Yredelemnul
Zin
The Shining One
Beogh
Jiyva

Shops:
D:3 (?   D:13 =   Orc:2 ([[:   Elf:1 [   Elf:2 ??:=[   Shoals:2 (   Shoals:3 =
Depths:3 (

Portals:
Hell: Depths:1 Depths:2 Depths:3 Depths:4 Depths:5
Abyss: Depths:4
Pandemonium: Depths:3 Depths:4

Annotations:
Slime:5 corrupted
Depths:5 exclusion: orange crystal statue
Abyss:1 Antaeus, Asmodeus, Dispater, Geryon, Sonja


Innate Abilities, Weirdness & Mutations

You are an undead lich.
Your unarmed attacks are suffused with negative energy.
You are immune to unholy pain and torment.
Your necromantic spells are more powerful.
You are immune to poison.
You cannot drink.
You have a pair of large horns on your head.
You regenerate a lot of health from kills.
You are extremely robust. (+30% HP)
You are completely covered in sharp spines.
You are completely covered in razor-sharp scales. (AC +3, Slay +3)
You have supernaturally acute eyesight. (SInv)
You are strong-willed. (Will+)
You passively map a small area around you.
Your muscles are strong. (Str +2)
Potions are less effective at restoring your health.


Message History

Celamil tramples you but does no damage.
You closely miss the white ugly thing. You headbutt the white ugly thing!!
You kill the white ugly thing!
Lugonu accepts your kill. You block Tedaiwkomm's attack.
The Killer Klown blinks! x2
Tedaiwkomm is struck by your spines. Tedaiwkomm hits you!
* * * LOW HITPOINT WARNING * * *
The chaos spawn is struck by your spines.
The chaos spawn closely misses you. You block the death drake's attack.
You block Ylommaol's attack. You block the golden dragon's attack.
The golden dragon claws you but does no damage.
The golden dragon barely misses you.
As you read the scroll of teleportation, it crumbles to dust.
You feel strangely unstable.
The ettin changes into a wolf spider!
Tedaiwkomm is struck by your spines. Tedaiwkomm hits you but does no damage.
You block Celamil's attack.
Tedaiwkomm gestures.
A dragon appears.
Celamil tramples you!
* * * LOW HITPOINT WARNING * * *
You hold your ground!
Hupiuliss is struck by your spines. Hupiuliss bites you!
* * * LOW HITPOINT WARNING * * *
You block the Killer Klown's attack.
The death drake bites you but does no damage.
A merfolk comes into view.
The golden dragon misses you.
The golden dragon claws you but does no damage.
The golden dragon misses you. Ylommaol gestures at you.
You block the chaos spawn's attack.
Unknown command.
The merfolk changes into a death drake!
The death drake changes into a mana viper!
You block Tedaiwkomm's attack. x2; Celamil is struck by your spines.
Celamil tramples you but does no damage.
Weawiheju gestures.
Weawiheju seems to speed up.
Hupiuliss is struck by your spines. Hupiuliss barely misses you.
The Killer Klown headlocks you but does no damage.
You are electrocuted!!
You die...

, , .▓▓▓▓▓▓▓▓▓▓▓▓
............▓ ,,
*#...........▓
.....#............▓
.............Drprr▓
.............HW&&S▓
............DDW&L4▓
.............WDD&p▓
........S...pp&sWW▓
.....t.u....upr&[!▓
.....§..†s.s.p.??|▓
.....#sT§kTp......▓
....###s..†.......▓
...2.#p..4s.......▓
..tpp§§▓▓▓▓▓▓▓▓


You could see Celamil, Hackoq (infested, poisoned), Hupiuliss, Tedaiwkomm (fast,
infested), Weawiheju (fast, infested), Ylommaol, 7 Killer Klowns, 3 golden
dragons, an ice dragon (summoned), a quicksilver dragon shaped shifter, a sphinx
shaped shifter, an iron troll shaped shifter (infested), a death drake shaped
shifter, a purple ugly thing, 3 demonic crawlers, a wolf spider shaped shifter,
a phantasmal warrior (summoned), a mana viper shaped shifter, 2 freezing
wraiths, 2 chaos spawn, 2 wraiths and 4 hell rats.

Vanquished Creatures
  the Royal Jelly (Slime:5)
  4 pandemonium lords
  4 dread liches
  9 ancient liches
  An orb of fire (Zot:1)
  Mennas (Vaults:5)
  17 royal mummies
  Boris (Tomb:1)
  Sojobo (Crypt:2)
  Bai Suzhen (Depths:3)
  39 shard shrikes
  A Killer Klown (Zig:21)
  A curse toe (Zot:1)
  A caustic shrike (Zig:14)
  6 golden dragons
  Xtahua (Vaults:4)
  Nikola (Spider:1)
  A profane servitor (Abyss:3)
  A pearl dragon (Zig:16)
  Arachne (Spider:4)
  11 bone dragons
  17 iron giants
  2 doom hounds
  31 Brimstone Fiends
  5 Tzitzimimeh
  The ghost of tamionv the Impassioned, an adept GrFi of Uskayaw (Vaults:2)
  Jorgrun (D:11)
  18 liches
  14 tentacled monstrosities
  A deep elf master archer (Elf:3)
  4 deep elf blademasters
  12 Hell Sentinels
  3 quicksilver dragons
  16 Ice Fiends
  3 titans
  5 Orb Guardians (Zot:5)
  3 death cobs
  42 ancient champions
  6 tentacled starspawn
  An Executioner (Dis:1)
  2 krakens
  27 acid blobs
  18 sphinxes
  13 tengu reavers
  8 draconian monks
  7 storm dragons
  10 shadow dragons
  14 rockslimes
  9 revenants
  A daeva (Abyss:3)
  10 frost giants
  18 azure jellies
  9 iron dragons
  16 vault wardens
  6 fire giants
  A juggernaut zombie (Zig:20)
  An orc warlord (Vaults:2)
  6 draconian knights
  16 balrugs
  Louise (Shoals:1)
  11 deep elf sorcerers
  Aizul (Elf:3)
  2 ghouls
  3 curse skulls
  5 ghost moths
  7 emperor scorpions
  6 draconian scorchers
  14 ironbound preservers
  A caustic shrike zombie (Zig:20)
  10 draconian shifters
  5 deep elf elementalists
  13 cacodemons
  42 very ugly things
  4 war gargoyles
  3 draconian stormcallers
  14 quicksilver oozes
  A juggernaut skeleton (Zig:13)
  69 reapers
  2 angels (Zig:16)
  A caustic shrike skeleton (Depths:4)
  8 draconian annihilators
  A stone giant (shapeshifter) (Zig:21)
  20 stone giants
  15 vampire knights
  3 elemental wellsprings
  9 black draconians
  6 lorocyprocas
  7 bennus
  Azrael (D:15)
  17 green draconians
  3 dire elephants
  16 white draconians
  9 deep elf annihilators
  A minotaur (Gauntlet)
  9 deep elf demonologists
  12 yellow draconians
  A black sun (WizLab)
  6 entropy weavers
  19 red draconians
  9 spark wasps
  14 purple draconians
  8 eidola
  6 merfolk javelineers
  13 deep elf death magi
  11 ettins
  6 blizzard demons
  7 green deaths
  12 quicksilver dragon zombies
  18 yaktaur captains
  18 mummy priests
  8 fire dragons
  32 ice dragons
  Josephine (Abyss:1)
  4 deep elf high priests
  9 merfolk impalers
  4 kraken zombies
  4 jiangshi
  A naga warrior (Abyss:2)
  7 rakshasas
  A peacekeeper (Vaults:2)
  15 great orbs of eyes
  4 hell beasts
  5 spriggan air magi
  11 hydras
  9 ironbound thunderhulks
  9 quicksilver dragon skeletons
  7 boulder beetles
  32 vault guards
  An ogre mage (D:14)
  10 ironbound frosthearts
  3 alligator snapping turtles
  A merfolk avatar (Shoals:4)
  20 centaur warriors
  3 satyrs (Shoals:3)
  4 catoblepae
  An anaconda (Lair:6)
  A two-headed ogre (D:10)
  58 hell hogs
  A death yak (shapeshifter) (D:15)
  4 deep troll shamans
  11 vampire magi
  10 tengu warriors
  4 death knights
  54 death scarabs
  11 deep troll earth magi
  4 spriggan berserkers
  11 thrashing horrors
  11 titan zombies
  5 ironbound beastmasters
  Urug (Lair:5)
  28 dancing weapons
  11 storm dragon zombies
  19 deep elf knights
  2 orc high priests
  104 hell knights
  A fire crab (Lair:5)
  10 soul eaters
  5 wretched stars
  13 iron golems
  137 skeletal warriors
  A spatial maelstrom (Zig:7)
  22 sun demons
  A sixfirhy (Abyss:1)
  19 iron trolls
  4 storm dragon skeletons
  A spriggan druid (Zig:14)
  9 shadow demons
  6 shadow wraiths
  7 ghost moth zombies
  56 deep trolls
  5 titan skeletons
  A salamander mystic (Depths:5)
  5 golden dragon zombies
  A glowing orange brain (shapeshifter) (Vaults:5)
  2 glowing orange brains
  A spark wasp zombie (Depths:4)
  24 flayed ghosts
  8 sea snakes
  A deep troll (shapeshifter) (D:13)
  2 orange crystal statues (Zig:18)
  11 deep elf archers
  A naga ritualist (Zig:6)
  24 anaconda zombies
  9 bog bodies
  5 golden dragon skeletons
  19 phantasmal warriors
  13 lindwurms
  19 ironbound convokers
  3 obsidian statues
  25 starcursed masses
  11 shadow dragon zombies
  13 anaconda skeletons
  8 iron dragon zombies
  15 orb spiders
  11 wizards
  Pikel (D:9)
  31 necromancers
  A shining eye (shapeshifter) (Elf:3)
  27 harpies
  31 deep elf pyromancers
  63 ugly things
  4 wolf spider zombies
  30 wolf spiders
  27 deep elf zephyrmancers
  19 manticores
  10 fauns
  2 shining eyes
  A mana viper (Zig:6)
  4 orc sorcerers
  An orb spider (shapeshifter) (Vaults:5)
  12 orc knights
  9 cyclopes
  12 frost giant zombies
  14 fire giant zombies
  3 draconians (Abyss:3)
  8 iron dragon skeletons
  4 shadow dragon skeletons
  14 stone giant zombies
  8 elephants
  An oklob plant (Shoals:2)
  A worldbinder (Abyss:1)
  7 black mambas
  4 salamanders
  2 sphinx skeletons
  7 merfolk sirens
  6 frost giant skeletons
  10 stone giant skeletons
  17 moths of wrath
  Joseph (D:8)
  A guardian serpent (Abyss:2)
  6 ice statues
  5 fire giant skeletons
  58 rust devils
  3 shock serpent zombies
  13 dire elephant zombies
  2 storm dragon simulacra
  2 eyes of devastation
  3 apocalypse crabs
  21 molten gargoyles
  6 torpor snails
  10 gargoyles
  24 vault sentinels
  4 orange demons
  12 cane toads
  9 dire elephant skeletons
  3 shock serpent skeletons
  18 smoke demons
  10 water nymphs
  7 komodo dragons
  A minotaur zombie (Dis:1)
  3 white draconian zombies
  5 human zombies
  48 hellions
  2 unseen horrors (Depths:5)
  An unseen horror (shapeshifter) (Elf:2)
  A yaktaur zombie (Vaults:5)
  3 hellwings
  70 tormentors
  13 efreet
  2 catoblepas zombies
  16 demonic crawlers
  11 rime drakes
  33 hydra zombies
  28 guardian mummies
  62 freezing wraiths
  64 ice devils
  A spark wasp simulacrum (Depths:1)
  11 tengu conjurers
  54 yaktaurs
  2 catoblepas skeletons
  A yellow draconian skeleton (Crypt:1)
  3 anaconda simulacra
  52 red devils
  15 hornets
  22 merfolk
  A queen bee (Gauntlet)
  A shadow dragon simulacrum (Coc:1)
  5 trolls
  3 harpy zombies
  A sea snake skeleton (Hell)
  A merfolk (shapeshifter) (Zig:2)
  3 meliai (D:14)
  8 harpy skeletons
  8 wind drakes
  15 hydra skeletons
  31 jumping spiders
  5 polar bears
  3 raiju (Abyss:3)
  17 ettin zombies
  19 dream sheep
  2 spriggan zombies
  6 snapping turtles
  14 fire dragon zombies
  112 slime creatures
  4 ice dragon zombies
  14 blink frogs
  14 alligator zombies
  2 fire giant simulacra
  4 fire dragon skeletons
  9 ice dragon skeletons
  38 redbacks
  2 air elementals (Zig:15)
  2 black mamba zombies
  11 alligator skeletons
  6 ettin skeletons
  2 spriggans
  78 wraiths
  48 yaks
  177 flying skulls
  7 ynoxinuls
  41 shadows
  A yak (shapeshifter) (Zig:17)
  A vampire (D:13)
  18 tarantellas
  3 wyverns
  3 fire bats (Abyss:3)
  23 water elementals
  2 black mamba skeletons
  6 golden eyes
  52 fire elementals
  3 hogs (D:15)
  7 large abominations
  4 spriggan skeletons
  11 basilisks
  7 chaos spawn
  2 steam dragons
  17 ushabtiu
  3 neqoxecs
  An elf skeleton (Zig:13)
  A vampire mosquito (Spider:1)
  2 merfolk zombies (Dis:7)
  2 wargs
  A two-headed ogre zombie (Crypt:2)
  12 water moccasins
  28 cane toad zombies
  An acid dragon (D:11)
  2 hydra simulacra
  86 hell hounds
  4 black bears
  A floating eye (Depths:5)
  6 cane toad skeletons
  8 snapping turtle zombies
  26 orc warriors
  5 swamp drakes
  24 necrophages
  36 ice beasts
  11 ogres
  A sky beast (D:7)
  2 alligator simulacra
  3 swamp dragon zombies
  3 manticore zombies
  An ettin simulacrum (Coc:4)
  7 boggarts
  An ice dragon simulacrum (Coc:3)
  7 wolves
  20 small abominations
  A wolf (shapeshifter) (D:14)
  7 centaurs
  9 phantoms
  12 snapping turtle skeletons
  A lemure (D:9)
  A kobold brigand (D:8)
  3 gnoll sergeants
  A rime drake skeleton (Crypt:2)
  8 bullfrogs
  3 elf zombies
  A wyvern zombie (D:5)
  An earth elemental (Elf:1)
  4 scorpions
  6 cane toad simulacra
  2 water moccasin zombies
  A troll zombie (Dis:5)
  3 water moccasin skeletons
  A queen bee zombie (Crypt:2)
  2 elephant simulacra (IceCv)
  A warg skeleton (Crypt:1)
  14 killer bees
  107 wights
  5 electric eels
  8 howler monkeys
  3 draconian simulacra (IceCv)
  9 crimson imps
  5 centaur zombies
  A quasit (Abyss:2)
  19 orc priests
  A black bear zombie (Crypt:2)
  A centaur skeleton (Geh:7)
  2 hounds
  A demonspawn skeleton (Crypt:1)
  74 iron imps
  2 human skeletons
  An iguana (D:4)
  22 orc wizards
  Natasha (thrice) (D:3)
  4 troll simulacra (IceCv)
  A spriggan simulacrum (IceCv)
  2 wolf simulacra (IceCv)
  A naga zombie (Dis:4)
  2 tengu zombies
  2 centaur simulacra
  A naga skeleton (Coc:1)
  2 ogre skeletons
  An acid dragon skeleton (Crypt:2)
  A hound skeleton (Crypt:1)
  49 mummies
  Robin (D:3)
  11 adders
  22 gnolls
  6 naga simulacra (IceCv)
  5 ogre simulacra (IceCv)
  4 shadow imps
  42 white imps
  An ufetubus (Abyss:2)
  A worm (D:3)
  A barachi skeleton (Crypt:2)
  81 orcs
  7 bats
  10 endoplasms
  2 giant cockroaches
  16 goblins
  8 hobgoblins
  3 jackals (D:2)
  3 quokkas
  5 ball pythons
  4 frilled lizards (D:1)
  17 kobolds
  An orc skeleton (Geh:4)
  An orc zombie (Dis:7)
  4 rats
  A butterfly (Lair:4)
  2 lurking horrors
  5 starspawn tentacles
  15 tentacles
5069 creatures vanquished.

Vanquished Creatures (collateral kills)
  A golden dragon (Zig:17)
  A doom hound (Zig:8)
  A Tzitzimitl (Zig:8)
  An electric golem (Zot:2)
  3 Brimstone Fiends (Geh:3)
  3 Hell Sentinels
  2 Ice Fiends
  A lich (Depths:2)
  2 ancient champions
  9 acid blobs
  A draconian monk (Zig:9)
  A shadow dragon (Zig:13)
  3 azure jellies
  A revenant (Zig:12)
  A draconian scorcher (Zot:3)
  A balrug (Geh:7)
  An iron dragon (Dis:7)
  2 cacodemons
  3 juggernaut zombies (Zig:20)
  A frost giant (Shoals:4)
  A draconian stormcaller (Zot:1)
  A vault warden (Zig:17)
  A stone giant (Zig:17)
  2 draconian annihilators
  11 reapers
  2 very ugly things
  3 ironbound preservers
  A juggernaut skeleton (Zig:8)
  3 quicksilver oozes
  2 bennus (Tomb:3)
  3 deep elf demonologists
  A spark wasp (Depths:1)
  A deep elf annihilator (Zig:17)
  3 red draconians
  4 dire elephants
  2 yellow draconians
  A quicksilver dragon zombie (Tomb:3)
  An eidolon (Zig:18)
  6 mummy priests
  An ettin (Vaults:4)
  2 great orbs of eyes (Zig:19)
  2 merfolk impalers
  2 yaktaur captains
  3 ice dragons
  A vault guard (Vaults:4)
  A hydra (Zig:14)
  A rakshasa (Depths:3)
  A satyr (shapeshifter) (Zig:17)
  An alligator (shapeshifter) (Vaults:4)
  13 death scarabs
  A dancing weapon (Zig:15)
  3 titan zombies
  A deep troll shaman (Depths:3)
  2 deep troll earth magi
  2 naga sharpshooters (Zig:6)
  2 sun demons
  A soul eater (Zig:20)
  2 titan skeletons
  6 hell knights
  An iron troll (Depths:1)
  A spatial maelstrom (Zig:7)
  A golden dragon zombie (Zig:20)
  3 deep trolls
  A shadow wraith (Zig:12)
  17 skeletal warriors
  3 flayed ghosts
  A spriggan druid (Zig:14)
  2 deep elf archers (Zig:15)
  2 golden dragon skeletons (Zig:13)
  A ghost moth zombie (Geh:3)
  2 shadow demons (Zig:8)
  2 necromancers
  An obsidian statue (Zig:19)
  A wizard (Vaults:4)
  3 fire giant zombies
  A shadow dragon zombie (Coc:7)
  An ironbound convoker (Vaults:5)
  2 sphinx zombies
  A phantasmal warrior (Dis:7)
  A tengu zombie (Zig:20)
  An iron dragon zombie (Geh:3)
  2 frost giant zombies
  A shadow dragon skeleton (Zig:13)
  A faun (Shoals:3)
  3 deep elf pyromancers (Zig:15)
  A mana viper (Zig:6)
  3 ugly things
  A cyclops (Shoals:3)
  A shining eye (Zig:19)
  2 vault sentinels
  3 black mambas
  A torpor snail (Zig:14)
  6 rust devils
  A water nymph (Shoals:3)
  2 molten gargoyles
  3 cane toads (Zig:14)
  A black mamba (shapeshifter) (Vaults:4)
  An elf zombie (Zig:20)
  An eye of devastation (Zig:19)
  3 ice devils (Coc:7)
  A rime drake (shapeshifter) (Zig:17)
  A hellion (Geh:7)
  An efreet (Zig:20)
  8 tormentors
  2 freezing wraiths
  A hydra zombie (Dis:7)
  9 guardian mummies
  3 red devils
  A polar bear (Zig:14)
  A snapping turtle (Shoals:4)
  2 dream sheep (Shoals:3)
  9 slime creatures
  12 flying skulls
  An ettin zombie (Dis:7)
  A black mamba zombie (Coc:7)
  A water elemental (Zig:15)
  4 wraiths
  6 ushabtiu (Tomb:2)
  A fire elemental (Geh:3)
  2 yaks (Zig:14)
  A wyvern (Zig:14)
  A basilisk (Zig:14)
  A ynoxinul (Zig:7)
  A large abomination (Zig:7)
  2 golden eyes (Zig:19)
  A small abomination (Zig:7)
  A merfolk zombie (Dis:7)
  2 nagas (Zig:6)
  3 water moccasins (Zig:14)
  9 hell hounds
  3 cane toad zombies
  A manticore zombie (Dis:7)
  3 necrophages (Zig:13)
  2 snapping turtle skeletons
  An earth elemental (Zig:15)
  A spriggan zombie (Dis:6)
  4 wights
  A crimson imp (Geh:3)
  6 starcursed masses (Zig:7)
  A human zombie (Tomb:2)
  11 iron imps
  11 mummies
  A shadow imp (Zig:13)
357 creatures vanquished.

Vanquished Creatures (others)
  A lich (Depths:5)
  6 acid blobs (Slime:5)
  Asterion (Spider:2)
  Kirke (D:15)
  6 azure jellies (Slime:5)
  6 rockslimes (Slime:5)
  A deep elf elementalist (Depths:3)
  2 elemental wellsprings
  3 quicksilver oozes (Slime:5)
  A vampire knight (Hell)
  A bennu (Tomb:3)
  2 hell hogs
  A vampire mage (Zig:18)
  3 deep elf knights
  A necromancer (IceCv)
  A phantasmal warrior (Geh:7)
  2 wizards
  A shining eye (Slime:5)
  A deep elf zephyrmancer (Elf:1)
  An ugly thing (Vaults:4)
  An eye of devastation (Slime:5)
  A water nymph (Shoals:3)
  A jumping spider (Spider:4)
  A fire dragon zombie (Dis:6)
  2 redbacks (shapeshifter) (Zig:21)
  2 flying skulls
  A redback (Spider:2)
  An air elemental (Zig:15)
  6 ushabtiu (Tomb:3)
  A fire elemental (Geh:6)
  A wraith (Dis:1)
  4 humans (D:15)
  A floating eye (shapeshifter) (Zig:21)
  A necrophage (Geh:2)
  An orc warrior (Elf:1)
  A boggart (Vaults:1)
  A howler monkey (D:13)
  6 wights
  A crimson imp (Geh:6)
  An iron imp (Dis:7)
  An orc wizard (Orc:2)
  A white imp (Coc:7)
  An orc (Elf:1)
  A bush (Lair:6)
  A butterfly (Lair:4)
  11 fungi
  A lurking horror (Abyss:3)
  70 plants
  24 starspawn tentacles
  15 tentacles
  A withered plant (Crypt:3)
204 creatures vanquished.

Grand Total: 5630 creatures vanquished

Notes
Turn   | Place    | Note
-------+----------+-------------------------------------------
     0 | Abyss:1  | spiderkeys the Demonspawn Abyssal Knight began the quest
                  | for the Orb.
     0 | Abyss:1  | Reached XP level 1. HP: 18/18 MP: 2/2
    48 | Abyss:1  | Found a corrupted altar of Lugonu.
   199 | Abyss:1  | Noticed a small abomination
   209 | Abyss:1  | Noticed an apocalypse crab
   211 | D:1      | Escaped the Abyss
   420 | D:1      | Noticed a minotaur skeleton
   484 | D:1      | Reached skill level 1 in Dodging
   590 | D:1      | Reached * piety under Lugonu
   591 | D:1      | Gained mutation: You are partially covered in sharp spines.
                  | [demonic ancestry]
   591 | D:1      | Reached XP level 2. HP: 13/24 MP: 3/3
   846 | D:1      | Found a faded altar of an unknown god.
  1156 | D:1      | Reached XP level 3. HP: 17/29 MP: 5/5
  1892 | D:2      | Gained mutation: You are mostly covered in sharp spines.
                  | [demonic ancestry]
  1892 | D:2      | Reached XP level 4. HP: 20/35 MP: 6/6
  1917 | D:2      | Reached ** piety under Lugonu
  2808 | D:3      | You are sucked into a shaft and drop 3 floors!
  2809 | D:6      | Noticed a necrophage
  2818 | D:6      | Killed a necrophage
  2819 | D:6      | Gained mutation: You regenerate a little health from kills.
                  | [demonic ancestry]
  2819 | D:6      | Reached XP level 5. HP: 37/42 MP: 7/7
  2856 | D:5      | Entered Level 5 of the Dungeon
  2856 | D:5      | Noticed an ogre
  2964 | D:3      | Gained mutation: You are completely covered in sharp
                  | spines. [demonic ancestry]
  2964 | D:3      | Reached XP level 6. HP: 38/48 MP: 8/8
  3146 | D:3      | Found Voaricor's Antique Weapon Emporium.
  3189 | D:3      | Noticed Natasha
  3191 | D:3      | Killed Natasha
  3422 | D:3      | Noticed Natasha
  3430 | D:3      | Killed Natasha
  3632 | D:3      | Noticed Natasha
  3635 | D:3      | Killed Natasha
  3792 | D:3      | Found Cywneang's Magic Scroll Boutique.
  3815 | D:4      | Noticed Robin
  3820 | D:3      | Killed Robin
  3945 | D:4      | Reached XP level 7. HP: 44/54 MP: 10/10
  4033 | D:4      | Reached *** piety under Lugonu
  4498 | D:5      | Reached skill level 5 in Invocations
  4521 | D:5      | Reached skill level 5 in Polearms
  4602 | D:5      | Gained mutation: You are partially covered in razor-sharp
                  | scales. (AC +1, Slay +1) [demonic ancestry]
  4602 | D:5      | Reached XP level 8. HP: 57/61 MP: 10/12
  5064 | D:3      | Bought an ichor-stained trident for 221 gold pieces
  5064 | D:3      | Identified the +6 trident "Ydibopto" {flame, rN+ Str+5}
                  | (You bought it in a shop on level 3 of the Dungeon)
  5151 | D:3      | Bought a scroll of identify for 20 gold pieces
  5151 | D:3      | Bought a scroll of identify for 20 gold pieces
  5318 | D:6      | Reached skill level 5 in Fighting
  5342 | D:6      | Found a broken altar of Ashenzari.
  5344 | D:6      | Found an ornate altar of the Wu Jian Council.
  5404 | D:6      | Found an ancient bone altar of Kikubaaqudgha.
  5463 | D:6      | Found a sacrificial altar of Ru.
  5690 | D:6      | Found a blossoming altar of Fedhas.
  6022 | D:7      | Reached XP level 9. HP: 65/68 MP: 13/13
  6116 | D:7      | Found a staircase to the Ecumenical Temple.
  6342 | D:7      | Reached skill level 5 in Armour
  6503 | D:7      | Learned a level 1 spell: Animate Skeleton
  6541 | D:8      | Reached **** piety under Lugonu
  6542 | D:8      | Reached skill level 5 in Dodging
  6689 | D:8      | Noticed Joseph
  6700 | D:8      | Killed Joseph
  7301 | D:9      | Gained mutation: You have a pair of small horns on your
                  | head. [demonic ancestry]
  7301 | D:9      | Reached XP level 10. HP: 71/77 MP: 16/16
  7367 | D:9      | Reached skill level 1 in Necromancy
  7377 | D:9      | Found a burning altar of Makhleb.
  7649 | D:9      | Found a bloodstained altar of Trog.
  7650 | D:9      | Noticed Pikel
  7669 | D:9      | Killed Pikel
  7844 | D:10     | Entered Level 10 of the Dungeon
  8008 | D:10     | Found a staircase to the Lair.
  8068 | D:10     | Noticed a two-headed ogre
  8088 | D:10     | Killed a two-headed ogre
  8096 | D:10     | Gained mutation: You regenerate health from kills. [demonic
                  | ancestry]
  8096 | D:10     | Reached XP level 11. HP: 46/86 MP: 17/17
  8458 | D:10     | Found a radiant altar of Vehumet.
  8534 | D:10     | Reached ***** piety under Lugonu
  9413 | D:10     | Identified a scroll of acquirement
  9413 | D:10     | Acquired 782 gold pieces
  9530 | D:11     | Reached skill level 10 in Polearms
  9540 | D:11     | Reached skill level 1 in Shields
  9588 | D:11     | Reached skill level 5 in Necromancy
  9794 | D:11     | Noticed an orc knight
  9806 | D:11     | Killed an orc knight
 10210 | D:12     | Noticed Jorgrun
 10557 | D:3      | Bought a scroll of identify for 20 gold pieces
 10557 | D:3      | Bought a scroll of identify for 20 gold pieces
 10557 | D:3      | Bought a scroll of magic mapping for 35 gold pieces
 10557 | D:3      | Bought a scroll of identify for 20 gold pieces
 10560 | D:3      | Bought a scroll of identify for 20 gold pieces
 10560 | D:3      | Bought a scroll of identify for 20 gold pieces
 10724 | Lair:1   | Entered Level 1 of the Lair of Beasts
 10814 | Lair:1   | Found a gate leading to a gauntlet.
 10822 | Gauntlet | Entered a Gauntlet
 10822 | Gauntlet | Found a transporter.
 10822 | Gauntlet | Found a transporter.
 10860 | Gauntlet | Found a transporter.
 10863 | Gauntlet | Found a transporter.
 10865 | Gauntlet | Found the ring of the Hare {EV+8}
 10871 | Gauntlet | Found a transporter.
 10874 | Gauntlet | Found a transporter.
 10876 | Gauntlet | Noticed a quicksilver ooze
 10882 | Gauntlet | Found a transporter.
 10900 | Gauntlet | Found a transporter.
 10906 | Gauntlet | Found a transporter.
 10908 | Gauntlet | Found a transporter.
 10918 | Gauntlet | Found a transporter.
 10937 | Gauntlet | Noticed a blizzard demon
 10967 | Gauntlet | Found a transporter.
 11305 | Gauntlet | Killed a quicksilver ooze
 11310 | Gauntlet | Identified the ring of Etol {rC- rN+++ Will- rCorr Str+6}
 11334 | Gauntlet | Noticed a minotaur
 11343 | Gauntlet | Killed a minotaur
 11348 | Gauntlet | Identified the +1 leather armour of Asheff {*Corrode rN+
                  | Dex+4}
 11709 | Lair:1   | Reached XP level 12. HP: 84/94 MP: 18/18
 12063 | Lair:2   | Noticed a four-headed hydra
 12070 | Lair:2   | Killed a four-headed hydra
 12830 | Lair:2   | Found a staircase to the Shoals.
 12853 | Lair:2   | Noticed Sonja
 12862 | Lair:2   | Banished Sonja
 13548 | Lair:3   | Found a hole to the Spider Nest.
 13641 | Lair:3   | Reached skill level 10 in Invocations
 13722 | Lair:3   | Noticed a six-headed hydra
 13730 | Lair:3   | Killed a six-headed hydra
 14675 | Lair:4   | Reached skill level 10 in Fighting
 14904 | Lair:4   | Reached XP level 13. HP: 93/103 MP: 19/21
 15031 | Lair:4   | Noticed Josephine
 15055 | Lair:4   | Banished Josephine
 15977 | Lair:5   | Noticed Urug
 15995 | Lair:5   | Killed Urug
 16247 | Lair:6   | Entered Level 6 of the Lair of Beasts
 16267 | Lair:6   | Found a staircase to the Slime Pits.
 16268 | Lair:6   | Found a viscous altar of Jiyva.
 16331 | Lair:6   | Reached skill level 1 in Spellcasting
 16388 | Lair:6   | Reached ****** piety under Lugonu
 16855 | Lair:6   | Noticed a dire elephant
 17268 | Lair:6   | Gained mutation: You are mostly covered in razor-sharp
                  | scales. (AC +2, Slay +2) [demonic ancestry]
 17268 | Lair:6   | Reached XP level 14. HP: 55/111 MP: 23/23
 17736 | Lair:6   | Reached skill level 10 in Armour
 18152 | Lair:6   | Identified the +1 leather armour "Nejinuw" {Will+ Int+2}
 18427 | D:11     | Killed Jorgrun
 19414 | D:12     | Found a staircase to the Orcish Mines.
 19446 | Orc:1    | Entered Level 1 of the Orcish Mines
 19467 | Orc:1    | Found a frozen archway.
 19508 | IceCv    | Entered an ice cave
 19880 | IceCv    | Found an ancient bone altar of Kikubaaqudgha.
 20561 | Orc:2    | Entered Level 2 of the Orcish Mines
 20592 | Orc:2    | Reached skill level 5 in Spellcasting
 20699 | Orc:2    | Found a staircase to the Elven Halls.
 20730 | Orc:2    | Found Yjasud's Book Emporium.
 21030 | Orc:2    | Found Leafogoz's Armour Emporium.
 21165 | Orc:2    | Noticed an orc warlord
 21185 | Orc:2    | Banished an orc warlord
 21893 | Orc:2    | Found Dextioxza's Antique Armour Emporium.
 21895 | Orc:2    | Found Giwop's Antique Weapon Shoppe.
 22475 | Orc:2    | Bought a runed cloak for 262 gold pieces
 22662 | D:13     | Reached XP level 15. HP: 55/120 MP: 25/25
 23904 | D:13     | Found Maom's Jewellery Boutique.
 24688 | D:14     | Reached skill level 5 in Shields
 24845 | D:14     | Cast into level 2 of the Abyss (a wizard)
 24854 | Abyss:2  | Found a corrupted altar of Lugonu.
 25049 | D:14     | Escaped the Abyss
 26387 | D:14     | Found a gate to the Vaults.
 26556 | D:15     | Entered Level 15 of the Dungeon
 27179 | D:15     | Found a staircase to the Depths.
 27179 | D:15     | Noticed a storm dragon
 27182 | D:15     | a storm dragon changed into a dire elephant
 27188 | D:15     | Reached skill level 15 in Invocations
 27188 | D:15     | Noticed a storm dragon
 27188 | D:15     | an emperor scorpion changed into a storm dragon
 27204 | D:15     | a storm dragon changed into a death yak
 27516 | D:15     | Noticed Kirke
 27586 | D:15     | Killed Kirke
 27587 | D:15     | Gained mutation: You have a pair of horns on your head.
                  | [demonic ancestry]
 27587 | D:15     | Reached XP level 16. HP: 29/130 MP: 27/27
 28014 | D:15     | Noticed Azrael
 28039 | D:15     | Killed Azrael
 28730 | Shoals:1 | Entered Level 1 of the Shoals
 28799 | Spider:1 | Entered Level 1 of the Spider Nest
 29455 | Spider:1 | Noticed Nikola
 29472 | Spider:1 | Killed Nikola
 30330 | Spider:1 | You fall into a shaft and drop 1 floor!
 30512 | Spider:2 | Noticed Asterion
 30554 | Spider:2 | Killed Asterion
 32600 | Spider:4 | Entered Level 4 of the Spider Nest
 32963 | Spider:4 | Gained mutation: You are robust. (+10% HP) [demonic
                  | ancestry]
 32963 | Spider:4 | Reached XP level 17. HP: 133/152 MP: 9/29
 33457 | Spider:4 | Got a gossamer rune of Zot
 33763 | Spider:4 | Noticed Arachne
 33787 | Spider:4 | Killed Arachne
 34661 | Vaults:1 | Entered Level 1 of the Vaults
 35758 | Vaults:1 | Cast into level 3 of the Abyss (a wizard)
 36181 | Abyss:3  | Noticed a lich
 36183 | Vaults:1 | Escaped the Abyss
 36869 | Vaults:1 | Reached skill level 10 in Shields
 37006 | Vaults:1 | Gained mutation: You are very robust. (+20% HP) [demonic
                  | ancestry]
 37006 | Vaults:1 | Reached XP level 18. HP: 135/176 MP: 30/30
 39052 | Vaults:2 | Cast into level 2 of the Abyss (a wizard)
 39292 | Abyss:2  | Noticed a dread lich
 39295 | Abyss:2  | Noticed a Brimstone Fiend
 39311 | Vaults:2 | Escaped the Abyss
 40197 | Vaults:2 | Found a runed translucent door.
 40197 | Vaults:2 | Found a shimmering altar of Xom.
 40199 | Vaults:2 | Noticed tamionv's ghost (adept GrFi)
 40429 | Vaults:2 | Reached skill level 15 in Fighting
 40992 | Vaults:2 | Killed tamionv's ghost
 41386 | Vaults:2 | Learned a level 3 spell: Vampiric Draining
 41391 | Vaults:2 | Learned a level 4 spell: Animate Dead
 41653 | Vaults:3 | Found a staircase to the Crypt.
 41653 | Vaults:3 | Found a basalt altar of Yredelemnul.
 41654 | Vaults:3 | Found an ancient bone altar of Kikubaaqudgha.
 41738 | Vaults:3 | Reached XP level 19. HP: 186/186 MP: 26/31
 42740 | Vaults:3 | Reached skill level 15 in Armour
 43284 | Vaults:4 | Found a magical portal.
 43293 | WizLab   | Entered The Hall of the Hellbinder
 43626 | WizLab   | Reached skill level 10 in Necromancy
 43931 | WizLab   | Noticed Sypsaon
 43932 | WizLab   | Banished Sypsaon the Hellbinder
 44494 | WizLab   | Found a burning altar of Makhleb.
 44566 | WizLab   | Identified the Almanac of Slavery
 44589 | WizLab   | Identified the ring "Xiehul" {rPois rF+ rN+++ Will- Int+3
                  | Dex-2}
 45393 | Vaults:4 | Noticed Xtahua
 45409 | Vaults:4 | Killed Xtahua
 45430 | Vaults:4 | Gained mutation: You have a pair of large horns on your
                  | head. [demonic ancestry]
 45430 | Vaults:4 | Reached XP level 20. HP: 72/195 MP: 30/33
 47143 | Shoals:1 | Acquired a manual of Summonings
 47149 | Shoals:1 | Noticed Louise
 47190 | Shoals:1 | Killed Louise
 47550 | Shoals:1 | Reached skill level 10 in Spellcasting
 47749 | Shoals:1 | Identified the +1 plate armour of the Insatiable Xenops
                  | {rPois rN+++ SInv Stlth-}
 48406 | Shoals:2 | Found an iron altar of Okawaru.
 48515 | Shoals:2 | Found Ufudexyu's Weapon Boutique.
 49618 | Shoals:3 | Found Sitimuxt's Jewellery Boutique.
 49632 | Shoals:3 | Bought an amulet of regeneration for 390 gold pieces
 50184 | Shoals:4 | Entered Level 4 of the Shoals
 50955 | Shoals:4 | Identified the ring "Ofaecips" {rF+ rC+ Str+4}
 51150 | Shoals:4 | Got a barnacled rune of Zot
 51831 | Elf:1    | Entered Level 1 of the Elven Halls
 51841 | Elf:1    | Found Eniussia's Armour Shoppe.
 52044 | Elf:1    | Reached XP level 21. HP: 205/205 MP: 31/35
 52186 | Elf:1    | Cast into level 2 of the Abyss (a deep elf demonologist)
 52536 | Abyss:2  | Gained mutation: Your flesh is heat resistant. (rF+) [a
                  | neqoxec]
 52665 | Abyss:2  | Found a corrupted altar of Lugonu.
 52774 | Elf:1    | Escaped the Abyss
 53362 | Elf:2    | Found a radiant altar of Vehumet.
 53401 | Elf:2    | Found Qaam's Magic Scroll Shoppe.
 53412 | Elf:2    | Bought a scroll of summoning for 133 gold pieces
 53412 | Elf:2    | Bought a scroll of teleportation for 42 gold pieces
 53412 | Elf:2    | Bought a scroll of fear for 49 gold pieces
 53412 | Elf:2    | Bought a scroll of fear for 49 gold pieces
 53412 | Elf:2    | Bought a scroll of teleportation for 42 gold pieces
 53412 | Elf:2    | Bought a scroll of fear for 49 gold pieces
 53412 | Elf:2    | Bought a scroll of magic mapping for 49 gold pieces
 53469 | Elf:2    | Found Vagrutz's Jewellery Emporium.
 53471 | Elf:2    | Found Evongi Fewu's Book Shoppe.
 53473 | Elf:2    | Found Humocroy's Magic Scroll Emporium.
 53495 | Elf:2    | Bought a scroll of enchant armour for 142 gold pieces
 53495 | Elf:2    | Bought a scroll of teleportation for 57 gold pieces
 53495 | Elf:2    | Bought a scroll of fog for 38 gold pieces
 53495 | Elf:2    | Bought a scroll of fog for 38 gold pieces
 53495 | Elf:2    | Bought a scroll of teleportation for 57 gold pieces
 53495 | Elf:2    | Bought a scroll of teleportation for 57 gold pieces
 53716 | Elf:2    | Found a runed translucent gate.
 53716 | Elf:2    | Found a runed translucent gate.
 53716 | Elf:2    | Found a runed translucent gate.
 53755 | Elf:2    | Found Kirutam's Armour Boutique.
 54717 | Elf:3    | Entered Level 3 of the Elven Halls
 55434 | Elf:3    | Reached skill level 15 in Polearms
 55792 | Elf:3    | Reached XP level 22. HP: 175/214 MP: 34/37
 56051 | Elf:3    | Noticed Aizul
 56075 | Elf:3    | Killed Aizul
 56205 | Elf:3    | Identified the +11 shortbow of Battle {speed, rF+ Will+
                  | MP+9}
 56217 | Elf:3    | Identified the Collected Works on Destructive Flight
 56240 | Elf:3    | Identified the +6 rapier of the Extremely Mad {vorpal,
                  | +Rage}
 56269 | Elf:3    | Identified the ring "Angaf" {rC+ SInv}
 56302 | Elf:3    | Identified the +9 rapier "Qotrogey" {speed, rElec}
 56314 | Elf:3    | Identified the ring of the Cockatrice {Fire Str+2}
 56621 | Elf:3    | Identified the +8 bardiche of Profit {flame, +Rage rPois
                  | Will+ Str-4}
 57814 | Slime:1  | Entered Level 1 of the Pits of Slime
 58855 | Slime:5  | Entered Level 5 of the Pits of Slime
 58959 | Slime:5  | Noticed the Royal Jelly
 59979 | Abyss:1  | Found an ancient bone altar of Kikubaaqudgha.
 60015 | Abyss:1  | Found an ancient bone altar of Kikubaaqudgha.
 60027 | Abyss:1  | Killed Josephine
 60105 | Abyss:1  | Found an ancient bone altar of Kikubaaqudgha.
 60251 | Slime:4  | Escaped the Abyss
 62262 | Slime:5  | Corrupted Slime:5
 62290 | Slime:5  | Killed the Royal Jelly
 62869 | Slime:5  | Found the amulet of the Air {Inacc Fly rElec EV+5 RMsl}
 62893 | Slime:5  | Identified the +6 morningstar "Nacakko" {vamp, +Rage rF-
                  | rC+++ Dex-2}
 62927 | Slime:5  | Identified the +2 pair of boots of Inference {-Tele rElec
                  | Int+4}
 62929 | Slime:5  | Got a slimy rune of Zot
 62961 | Slime:5  | Identified the +1 chain mail of Ocofuy {Rampage rN+++ Will-
                  | Dex+4 SInv}
 62989 | Slime:5  | Identified Guotzoh's Reference Book on Spatial
                  | Weightlessness
 62991 | Slime:5  | Identified The Hermit's Heritage for Beginners
 63482 | Depths:1 | Entered Level 1 of the Depths
 63570 | Depths:1 | Found a gateway to a ziggurat.
 64132 | Depths:1 | Gained mutation: You regenerate a lot of health from kills.
                  | [demonic ancestry]
 64132 | Depths:1 | Reached XP level 23. HP: 224/224 MP: 39/39
 64590 | Depths:1 | Paralysed by a great orb of eyes for 6 turns
 64652 | Depths:1 | Found a gateway to Hell.
 64678 | Depths:1 | You fall into a shaft and drop 1 floor!
 65735 | Depths:2 | Reached skill level 15 in Shields
 66816 | Depths:2 | Learned a level 6 spell: Death Channel
 66822 | Depths:2 | Learned a level 5 spell: Agony
 66828 | Depths:2 | Learned a level 5 spell: Borgnjor's Vile Clutch
 67182 | Depths:2 | Identified the +2 scale mail of Glamorous Freedom {Int+3
                  | Dex+3}
 67183 | Depths:2 | Identified the Grimoire of the Creative Compass
 67859 | Depths:3 | Noticed Bai Suzhen
 68138 | Depths:3 | Reached XP level 24. HP: 236/236 MP: 39/39
 68256 | Depths:3 | Found a one-way gate leading to the halls of Pandemonium.
 68344 | Depths:3 | Found Codeopn's Weapon Emporium.
 68454 | Depths:3 | Killed Bai Suzhen
 68522 | Depths:3 | Paralysed by a great orb of eyes for 6 turns
 68569 | Depths:3 | Found a runed translucent gate.
 68569 | Depths:3 | Found a runed translucent gate.
 68569 | Depths:3 | Found a runed translucent gate.
 68636 | Depths:3 | Identified the amulet of Surprise {Spirit *Corrode rN+++
                  | Int-5 SInv}
 68732 | Depths:3 | Found a runed translucent gate.
 68732 | Depths:3 | Found a runed translucent gate.
 68732 | Depths:3 | Found a runed translucent gate.
 68982 | Depths:3 | Identified the Incunabulum of Harmful Poisoning
 69606 | Depths:4 | Reached skill level 15 in Necromancy
 69722 | Depths:4 | Found a transporter.
 69816 | Depths:4 | Found a transporter.
 69906 | Depths:4 | Identified the ring of Understanding {Fly Will+ Str+3}
 69932 | Depths:4 | Identified the +0 robe of Demons {rF+ rCorr}
 70329 | Depths:4 | Found a one-way gate to the infinite horrors of the Abyss.
 70532 | Depths:5 | Entered Level 5 of the Depths
 70594 | Depths:5 | Found a gate to the Realm of Zot.
 71525 | Depths:5 | Found a hide-covered altar of Uskayaw.
 71596 | Depths:5 | Identified the ring of Towel {rCorr SInv}
 71919 | Depths:5 | Reached XP level 25. HP: 197/244 MP: 40/40
 73083 | Orc:2    | Bought a Necronomicon for 1435 gold pieces
 73092 | Orc:2    | Learned a level 8 spell: Necromutation
 73463 | Vaults:5 | Entered Level 5 of the Vaults
 73488 | Vaults:5 | Noticed a dread lich
 73499 | Vaults:5 | Reached skill level 1 in Transmutations
 73504 | Vaults:5 | Noticed an ancient lich
 73526 | Vaults:4 | Paralysed by a dread lich for 4 turns
 73538 | Vaults:4 | Killed a dread lich
 73542 | Vaults:5 | Noticed an ancient lich
 73726 | Vaults:5 | Noticed a dread lich
 73786 | Vaults:5 | Noticed an ancient lich
 73956 | Vaults:5 | Killed an ancient lich
 73956 | Vaults:5 | Noticed Mennas
 73959 | Vaults:5 | Gained mutation: Armour fits poorly on your strangely
                  | shaped body. [a neqoxec]
 73971 | Vaults:5 | Cast into level 3 of the Abyss (a deep elf sorcerer)
 73972 | Vaults:5 | Escaped the Abyss
 73995 | Vaults:5 | Killed a dread lich
 74012 | Vaults:5 | Killed an ancient lich
 74168 | Vaults:5 | Identified the Volume of the Shifting Rocks
 74171 | Vaults:5 | Identified the +2 helmet of the Nexus {rElec rPois Slay-5
                  | Stlth+}
 74176 | Vaults:5 | Got a silver rune of Zot
 74246 | Vaults:5 | Killed an ancient lich
 74247 | Vaults:5 | Reached skill level 5 in Transmutations
 74359 | Vaults:5 | Identified the amulet "Fits" {Faith Int+6}
 74519 | Vaults:5 | Noticed an ancient lich
 74541 | Vaults:5 | Killed an ancient lich
 74542 | Vaults:5 | Gained mutation: You are extremely robust. (+30% HP)
                  | [demonic ancestry]
 74542 | Vaults:5 | Reached XP level 26. HP: 185/276 MP: 41/41
 74585 | Vaults:5 | Identified the +2 hand axe of Plog {vorpal, rF+ MP+9}
 74681 | Vaults:5 | Identified the +9 rapier of Kiurigia {freeze, rC++ rN+
                  | Str+3}
 74711 | Vaults:5 | Killed Mennas
 74712 | Vaults:5 | Reached skill level 10 in Dodging
 74818 | Vaults:5 | Identified the Collected Works on Fascination and Snow
 75205 | Vaults:5 | Found the +3 salamander hide armour {Flames rF++ rC--}
 75394 | Vaults:5 | Acquired Xeotemun's Almanac of Darkness
 75807 | Zot:1    | Entered Level 1 of the Realm of Zot
 75875 | Zot:1    | Noticed an orb of fire
 75878 | Zot:1    | Gained mutation: You expend magic power (3 MP) to
                  | strengthen your wands. [an orb of fire]
 75884 | Zot:1    | Gained mutation: You are dopey. (Int -2) [an orb of fire]
 75898 | Zot:1    | Gained mutation: You are clumsy. (Dex -2) [an orb of fire]
 75906 | Zot:1    | Killed an orb of fire
 78783 | Zot:2    | Gained mutation: You are completely covered in razor-sharp
                  | scales. (AC +3, Slay +3) [demonic ancestry]
 78783 | Zot:2    | Reached XP level 27. HP: 271/277 MP: 41/41
 78829 | Zot:2    | Lost mutation: Your flesh is heat resistant. (rF+) [potion
                  | of mutation]
 78829 | Zot:2    | Lost mutation: You are clumsy. (Dex -2) [potion of
                  | mutation]
 78829 | Zot:2    | Lost mutation: You are dopey. (Int -2) [potion of mutation]
 78829 | Zot:2    | Lost mutation: Armour fits poorly on your strangely shaped
                  | body. [potion of mutation]
 78829 | Zot:2    | Gained mutation: You sometimes lose the ability to read
                  | scrolls when taking damage. [potion of mutation]
 78829 | Zot:2    | Gained mutation: Your muscles are strong. (Str +2) [potion
                  | of mutation]
 78830 | Zot:2    | Lost mutation: Your muscles are strong. (Str +2) [potion of
                  | mutation]
 78830 | Zot:2    | Lost mutation: You sometimes lose the ability to read
                  | scrolls when taking damage. [potion of mutation]
 78830 | Zot:2    | Lost mutation: You expend magic power (3 MP) to strengthen
                  | your wands. [potion of mutation]
 78830 | Zot:2    | Gained mutation: You are dopey. (Int -2) [potion of
                  | mutation]
 78830 | Zot:2    | Gained mutation: You do not regenerate when monsters are
                  | visible. [potion of mutation]
 78830 | Zot:2    | Gained mutation: Your muscles are strong. (Str +2) [potion
                  | of mutation]
 78831 | Zot:2    | Lost mutation: You are dopey. (Int -2) [potion of mutation]
 78831 | Zot:2    | Lost mutation: You do not regenerate when monsters are
                  | visible. [potion of mutation]
 78831 | Zot:2    | Lost mutation: Your muscles are strong. (Str +2) [potion of
                  | mutation]
 78831 | Zot:2    | Gained mutation: You are weak. (Str -2) [potion of
                  | mutation]
 78831 | Zot:2    | Gained mutation: You are agile. (Dex +2) [potion of
                  | mutation]
 78831 | Zot:2    | Gained mutation: You passively map a small area around you.
                  | [potion of mutation]
 79607 | Zot:2    | Acquired a manual of Invocations
 80987 | Zot:3    | Reached skill level 10 in Transmutations
 82524 | Zot:5    | Entered Level 5 of the Realm of Zot
 82544 | Zot:5    | Noticed an ancient lich
 82570 | Zot:5    | Killed an ancient lich
 82686 | Zot:5    | Noticed an orb of fire
 82686 | Zot:5    | Gained mutation: You are dopey. (Int -2) [an orb of fire]
 82995 | Zot:5    | Identified the +3 flail of Muneokh {speed, *Slow rPois
                  | rCorr Dex-2}
 83625 | Crypt:1  | Entered Level 1 of the Crypt
 83677 | Crypt:1  | Learned a level 4 spell: Dispel Undead
 83680 | Crypt:1  | Learned a level 2 spell: Sublimation of Blood
 83721 | Crypt:1  | Found an ancient bone altar of Kikubaaqudgha.
 84244 | Crypt:1  | You fall into a shaft and drop 1 floor!
 84479 | Crypt:2  | Noticed Sojobo
 84507 | Crypt:2  | Killed Sojobo
 85795 | Crypt:3  | Entered Level 3 of the Crypt
 86326 | Crypt:3  | Identified Diexzoir's Compendium of the Frostbite
 86632 | Crypt:3  | Found the +3 Elemental Staff {rElec rF++ rC++ Will++ AC+5}
 86658 | Crypt:3  | Identified the Incunabulum of Weightlessness and
                  | Confrontation
 86822 | Crypt:3  | Found the +2 shield of Resistance {rF++ rC++ Will++}
 87181 | Crypt:3  | Found a staircase to the Tomb.
 87259 | Crypt:3  | Noticed a dread lich
 87271 | Crypt:3  | Killed a dread lich
 87289 | Crypt:3  | Acquired the ring of Xer Jia {rC+ Will- rCorr Int+8 SInv}
 87795 | Crypt:3  | Identified a +9 demon trident of distortion (a +7 demon
                  | trident corrupted by Lugonu)
 87795 | Crypt:3  | Received a gift from Lugonu
 88080 | Crypt:3  | Learned a level 8 spell: Borgnjor's Revivification
 88089 | Crypt:3  | Learned a level 8 spell: Infestation
 88629 | Elf:1    | Bought a +1 pair of boots of flying for 280 gold pieces
 90605 | Hell     | Entered the Vestibule of Hell
 90605 | Hell     | Noticed Geryon
 90641 | Hell     | Banished Geryon
 90642 | Hell     | Reached skill level 1 in Throwing
 90887 | Depths:1 | Gained mutation: You are occasionally teleported next to
                  | monsters. [a cacodemon]
 90897 | Depths:1 | Lost mutation: You are agile. (Dex +2) [potion of mutation]
 90897 | Depths:1 | Lost mutation: You are occasionally teleported next to
                  | monsters. [potion of mutation]
 90897 | Depths:1 | Lost mutation: You are weak. (Str -2) [potion of mutation]
 90897 | Depths:1 | Lost mutation: You passively map a small area around you.
                  | [potion of mutation]
 90897 | Depths:1 | Gained mutation: You sometimes lose the ability to read
                  | scrolls when taking damage. [potion of mutation]
 90897 | Depths:1 | Gained mutation: You are agile. (Dex +2) [potion of
                  | mutation]
 90897 | Depths:1 | Gained mutation: Your muscles are strong. (Str +2) [potion
                  | of mutation]
 90898 | Depths:1 | Lost mutation: You sometimes lose the ability to read
                  | scrolls when taking damage. [potion of mutation]
 90898 | Depths:1 | Lost mutation: Your muscles are strong. (Str +2) [potion of
                  | mutation]
 90898 | Depths:1 | Lost mutation: You are dopey. (Int -2) [potion of mutation]
 90898 | Depths:1 | Lost mutation: You are agile. (Dex +2) [potion of mutation]
 90898 | Depths:1 | Gained mutation: You are weak. (Str -2) [potion of
                  | mutation]
 90898 | Depths:1 | Gained mutation: You evolve. [potion of mutation]
 91385 | Hell     | Lost mutation: You are weak. (Str -2) [evolution]
 91406 | Hell     | Found a gateway to the freezing wastes of Cocytus.
 91538 | Hell     | Found a gateway to the decaying netherworld of Tartarus.
 91619 | Hell     | Found a gateway to the ashen valley of Gehenna.
 91710 | Hell     | Found a gateway to the Iron City of Dis.
 91726 | Hell     | Reached skill level 5 in Throwing
 91853 | Dis:1    | Entered Level 1 of the Iron City of Dis
 92277 | Depths:4 | Voluntarily entered the Abyss.
 92344 | Abyss:2  | Found a corrupted altar of Lugonu.
 92399 | Abyss:3  | Found a transporter.
 92471 | Abyss:3  | Got an abyssal rune of Zot
 92486 | Abyss:3  | Paralysed by accursed screaming for 1 turns
 92497 | Abyss:3  | Paralysed by accursed screaming for 2 turns
 92555 | Abyss:3  | Found a transporter.
 92579 | Abyss:3  | Found a transporter.
 92591 | Abyss:3  | Found a transporter.
 92596 | Depths:4 | Escaped the Abyss
 94623 | Dis:2    | Reached skill level 15 in Transmutations
 95191 | Dis:3    | You are sucked into a shaft and drop 1 floor!
 95524 | Dis:4    | Reached skill level 10 in Throwing
 96496 | Dis:5    | Lost mutation: You evolve. [evolution]
 98636 | Dis:6    | Reached skill level 15 in Spellcasting
 98904 | Dis:6    | Found a burning altar of Makhleb.
 99342 | Dis:7    | Entered Level 7 of the Iron City of Dis
 99535 | Dis:7    | Gained mutation: You are weak. (Str -2) [a cacodemon]
 99539 | Dis:7    | Gained mutation: Potions are less effective at restoring
                  | your health. [a cacodemon]
100172 | Dis:7    | Identified the amulet "Kec Tossu" {RegenMP Int+2 SInv}
100174 | Dis:7    | Identified the ring "Vupt" {rC+ Int+6}
100176 | Dis:7    | Identified the Incunabulum of the Dislocated Rocks
100189 | Dis:7    | Identified the +10 demon whip "Xinin" {vamp, Str+3}
101117 | Dis:7    | Gained mutation: You passively map a small area around you.
                  | [a cacodemon]
101140 | Dis:7    | Gained mutation: Potions cannot restore your health. [a
                  | cacodemon]
101645 | Dis:7    | Found the +4 staff of Dispater
101645 | Dis:7    | Noticed Dispater
102271 | Dis:7    | Gained mutation: You do not regenerate when monsters are
                  | visible. [a cacodemon]
102688 | Dis:7    | Banished Dispater
102714 | Dis:7    | Identified the +6 executioner's axe "Qytisus" {vorpal, rC+}
102722 | Dis:7    | Got an iron rune of Zot
103177 | Geh:1    | Entered Level 1 of Gehenna
107925 | Geh:4    | Lost mutation: You do not regenerate when monsters are
                  | visible. [potion of mutation]
107925 | Geh:4    | Lost mutation: You are weak. (Str -2) [potion of mutation]
107925 | Geh:4    | Lost mutation: Potions cannot restore your health. [potion
                  | of mutation]
107925 | Geh:4    | Gained mutation: You are strong-willed. (Will+) [potion of
                  | mutation]
107925 | Geh:4    | Gained mutation: Your muscles are strong. (Str +2) [potion
                  | of mutation]
107925 | Geh:4    | Gained mutation: You have supernaturally acute eyesight.
                  | (SInv) [potion of mutation]
110302 | Geh:7    | Entered Level 7 of Gehenna
111527 | Geh:7    | Identified the Incunabulum of Congealing Hexes
111629 | Geh:7    | Found the +7 sceptre of Asmodeus
111629 | Geh:7    | Noticed Asmodeus
111648 | Geh:7    | Banished Asmodeus
112256 | Geh:7    | Got an obsidian rune of Zot
112447 | Coc:1    | Entered Level 1 of Cocytus
119469 | Coc:7    | Entered Level 7 of Cocytus
119836 | Coc:7    | Noticed Antaeus
119859 | Coc:7    | Banished Antaeus
119945 | Coc:7    | Got an icy rune of Zot
120292 | Coc:7    | Found the macabre finger necklace {rN+}
121521 | Tomb:1   | Entered Level 1 of the Tomb of the Ancients
121792 | Tomb:1   | Noticed Boris
121803 | Tomb:1   | Killed Boris
122239 | Tomb:1   | Noticed a royal mummy
122264 | Tomb:1   | Killed a royal mummy
122462 | Tomb:2   | Noticed a royal mummy
122463 | Tomb:2   | Noticed a royal mummy
122467 | Tomb:2   | Noticed a royal mummy
122475 | Tomb:2   | Noticed a royal mummy
122479 | Tomb:2   | Killed a royal mummy
122501 | Tomb:2   | Killed a royal mummy
122509 | Tomb:2   | Killed a royal mummy
122582 | Tomb:2   | Killed a royal mummy
123130 | Tomb:1   | Noticed a royal mummy
123131 | Tomb:1   | Noticed a royal mummy
123138 | Tomb:1   | Banished a royal mummy
123143 | Tomb:1   | Noticed a royal mummy
123147 | Tomb:1   | Killed a royal mummy
123158 | Tomb:1   | Noticed a royal mummy
123162 | Tomb:1   | Killed a royal mummy
123163 | Tomb:1   | Banished a royal mummy
123164 | Tomb:1   | Noticed a royal mummy
123168 | Tomb:1   | Banished a royal mummy
123186 | Tomb:1   | Noticed a royal mummy
123195 | Tomb:1   | Noticed a royal mummy
123197 | Tomb:1   | Banished a royal mummy
123209 | Tomb:1   | Killed a royal mummy
123256 | Tomb:1   | Noticed a royal mummy
123280 | Tomb:1   | Killed a royal mummy
123540 | Tomb:1   | Noticed a royal mummy
123545 | Tomb:1   | Noticed a royal mummy
123560 | Tomb:1   | Killed a royal mummy
123586 | Tomb:1   | Killed a royal mummy
123593 | Tomb:1   | Noticed a royal mummy
123617 | Tomb:1   | Banished a royal mummy
123913 | Tomb:3   | Entered Level 3 of the Tomb of the Ancients
123947 | Tomb:3   | Noticed a royal mummy
123950 | Tomb:3   | Noticed a royal mummy
123957 | Tomb:3   | Reached skill level 27 in Necromancy
123970 | Tomb:3   | Noticed a royal mummy
123977 | Tomb:3   | Killed a royal mummy
123985 | Tomb:3   | Killed a royal mummy
123990 | Tomb:3   | Banished a royal mummy
123994 | Tomb:3   | Noticed a royal mummy
124025 | Tomb:3   | Killed a royal mummy
124201 | Tomb:3   | Noticed a royal mummy
124202 | Tomb:3   | Noticed a royal mummy
124223 | Tomb:3   | Killed a royal mummy
124235 | Tomb:3   | Killed a royal mummy
124488 | Tomb:3   | Identified the ring of the Albatross {rPois Will+ Stlth+}
124594 | Tomb:3   | Noticed a royal mummy
124602 | Tomb:3   | Noticed a royal mummy
124606 | Tomb:3   | Banished a royal mummy
124612 | Tomb:3   | Killed a royal mummy
124639 | Tomb:3   | Got a golden rune of Zot
124791 | Tomb:3   | Identified the amulet "Isust" {Acrobat Will- Int+6 SInv}
124834 | Tomb:3   | Identified the Catalogue of the Mountains
124944 | Tomb:3   | Identified the +4 plate armour of Limited Liability
                  | {Rampage rPois Int-2 Dex+6}
124950 | Tomb:3   | Identified the +9 scythe of Infection {vorpal, rPois rF+
                  | Will+ Int-5}
124953 | Tomb:3   | Identified the +0 robe of Nemp {rC+ MP+9 Str+2 Int-4}
124956 | Tomb:3   | Identified the +0 pair of boots "Semyh" {-Tele Int+3 Dex-3
                  | Stlth+}
124957 | Tomb:3   | Identified the +3 hunting sling "Conservator" {flame, rElec
                  | rF+ Stlth+}
124959 | Tomb:3   | Identified the +1 robe of Pelludia {rF+ rC++ Will- Str+2}
124988 | Tomb:3   | Learned a level 6 spell: Statue Form
125615 | Zig:1    | Entered Level 1 of a ziggurat
125631 | Zig:2    | Entered Level 2 of a ziggurat
125651 | Zig:3    | Entered Level 3 of a ziggurat
125654 | Zig:3    | Noticed Duplaixt the pandemonium lord
125675 | Zig:3    | Killed Duplaixt the pandemonium lord
125692 | Zig:4    | Entered Level 4 of a ziggurat
125825 | Zig:5    | Entered Level 5 of a ziggurat
125908 | Zig:6    | Entered Level 6 of a ziggurat
125970 | Zig:6    | Identified the +6 battleaxe of the Swamp {flame, Will+
                  | Int+4}
125978 | Zig:7    | Entered Level 7 of a ziggurat
126053 | Zig:8    | Entered Level 8 of a ziggurat
126117 | Zig:8    | Identified the +8 short sword "Qetaihaa" {vorpal, Dex+4}
126127 | Zig:8    | Identified Axzu's Reference Book on Floating Cold
126140 | Zig:8    | Identified the +2 scale mail of Patterns {rN+ rCorr Stlth-}
126142 | Zig:8    | Identified the +0 ring mail "Xalic" {-Tele rCorr Str+8
                  | Int+2}
126147 | Zig:9    | Entered Level 9 of a ziggurat
126168 | Zig:9    | Reached skill level 27 in Fighting
126252 | Zig:9    | Identified the Handbook of Frigorific Stones
126267 | Zig:9    | Identified the +6 scythe "Xaliroki" {flame, rF+ rC- Will+
                  | Str+4}
126271 | Zig:10   | Entered Level 10 of a ziggurat
126374 | Zig:10   | Identified the +9 demon trident "Jyppuf" {venom, rC+ Int+2}
126381 | Zig:11   | Entered Level 11 of a ziggurat
126584 | Zig:11   | Identified the ring of Joacsiq {rPois Dex+6 SInv}
126611 | Zig:11   | Identified the +6 shortbow "Tuule" {venom, SInv}
126619 | Zig:12   | Entered Level 12 of a ziggurat
126626 | Zig:12   | Noticed an ancient lich
126632 | Zig:12   | Noticed a dread lich
126640 | Zig:12   | Killed an ancient lich
126643 | Zig:12   | Noticed a dread lich
126691 | Zig:12   | Killed a dread lich
126701 | Zig:12   | Found the +9 staff of Olgreb {rPois∞}
126722 | Zig:12   | Identified the +2 troll leather armour "Asuneby" {Will+
                  | Regen+ Str+4 Int-5 Dex+8 Stlth+}
126756 | Zig:13   | Entered Level 13 of a ziggurat
126850 | Zig:13   | Identified the Guide on the Glacier
126854 | Zig:13   | Identified the Almanac of Transmigration and the Entourage
126857 | Zig:13   | Identified the ring "Ilunaavya" {rPois Will+ rCorr Dex+3}
126879 | Zig:14   | Entered Level 14 of a ziggurat
126932 | Zig:14   | Reached skill level 15 in Dodging
126937 | Zig:14   | Found the +5 scythe "Finisher" {speed, eviscerate}
127015 | Zig:14   | Identified the +8 flail of Zareqamo {pain, Str+3}
127049 | Zig:14   | Identified the +2 pair of boots of Sodytsex {rC+}
127072 | Zig:14   | Reached skill level 5 in Evocations
127078 | Zig:14   | Acquired a Grand Grimoire
127086 | Zig:15   | Entered Level 15 of a ziggurat
127224 | Zig:15   | Identified the amulet of Koil {RegenMP Int+2}
127236 | Zig:15   | Identified Seupul's Almanac of Arcane Weapons and
                  | Dislocation
127245 | Zig:15   | Identified the +2 chain mail "Qoneir" {Stlth+}
127254 | Zig:16   | Entered Level 16 of a ziggurat
127316 | Zig:16   | Identified the ring of Incredulity {rC+ EV+4}
127318 | Zig:16   | Identified the +9 glaive of Calamity {flame, rElec Str+3
                  | Int-4}
127319 | Zig:16   | Identified the +11 hunting sling "Pihoigg" {flame, rPois
                  | Str+2}
127321 | Zig:17   | Entered Level 17 of a ziggurat
127365 | Zig:17   | Noticed an ancient lich
127377 | Zig:17   | Killed an ancient lich
127379 | Zig:17   | Noticed an ancient lich
127397 | Zig:17   | Killed an ancient lich
127591 | Zig:17   | Identified the Papyrus of Earthen Air
127605 | Zig:17   | Identified Liasodwe's Almanac of Toxins
127631 | Zig:17   | Identified the +0 ring mail "Caputev" {rPois Regen+ rCorr
                  | Str-4}
127636 | Zig:18   | Entered Level 18 of a ziggurat
127733 | Zig:18   | Noticed an ancient lich
127779 | Zig:18   | Killed an ancient lich
127922 | Zig:18   | Identified the ring "Cicuab Hyklu" {rC++ Str-4 Int+6 Dex+2}
127924 | Zig:18   | Identified the Collected Works on the Enthralling Voyage
127964 | Zig:19   | Entered Level 19 of a ziggurat
128148 | Zig:19   | Found the +1 cloak of Starlight {*Dazzle EV+4 Stlth--}
128159 | Zig:19   | Identified Sif Muna's Grimoire of Unstable Weightlessness
128192 | Zig:19   | Identified the +1 ring mail "Josm" {rPois rCorr}
128215 | Zig:19   | Identified the +1 chain mail "Jauseotu" {Dex-5 Slay+5}
128225 | Zig:20   | Entered Level 20 of a ziggurat
128303 | Zig:20   | Reached skill level 27 in Armour
128397 | Zig:20   | Found the +27 Lear's hauberk
128398 | Zig:20   | Found the +3 robe of Clouds {+Thunder rCloud rElec}
128408 | Zig:20   | Identified the ring "Itauk" {*Slow rC+ Str+7 Dex+4}
128439 | Zig:20   | Identified the +2 kite shield of Magic {rElec rCorr Str-3
                  | Int+6}
128442 | Zig:20   | Identified the +8 hunting sling of the Evening {vorpal,
                  | *Slow rN+ Will+ Int+4}
128453 | Zig:21   | Entered Level 21 of a ziggurat
128476 | Zig:21   | Noticed Tedaiwkomm the pandemonium lord
128477 | Zig:21   | Noticed Ylommaol the pandemonium lord
128477 | Zig:21   | Noticed Cozubua the pandemonium lord
128477 | Zig:21   | Noticed Weawiheju the pandemonium lord
128477 | Zig:21   | Noticed Voteddoej the pandemonium lord
128477 | Zig:21   | Noticed Hackoq the pandemonium lord
128478 | Zig:21   | Noticed Letwoh the pandemonium lord
128478 | Zig:21   | Noticed Hotwoety the pandemonium lord
128478 | Zig:21   | Banished Cozubua the pandemonium lord
128478 | Zig:21   | Noticed Hupiuliss the pandemonium lord
128482 | Zig:21   | Noticed Wuhulew the pandemonium lord
128483 | Zig:21   | Noticed Celamil the pandemonium lord
128505 | Zig:21   | Killed Voteddoej the pandemonium lord
128519 | Zig:21   | Killed Hotwoety the pandemonium lord
128528 | Zig:21   | Killed Letwoh the pandemonium lord
128553 | Zig:21   | HP: 15/323 [Hupiuliss the pandemonium lord (12)]
128554 | Zig:21   | Slain by a Killer Klown

Illustrated notes

Levels and vault maps discovered:
D:1:      shiori_arrival_whats_in_store_for_you, layout_basic,
          shapermc_ecumenical_altar_venn
D:2:      layout_loops_corners, serial_glass, glass_columns_a, glass_columns_b
D:3:      layout_loops_cross, serial_shops, nicolae_shop_waterfront, shop,
          minmay_misc_feat_doors, uniq_natasha
D:4:      layout_cave_pools, minmay_misc_feat_five, uniq_robin
D:5:      layout_cave_pools, hex_tiny
D:6:      layout_basic, chequers_temple_overflow_statue_of_worship,
          fedhas_altar_2, general_overflow_altar, marbit_many_paths,
          roderic_filled_cross
D:7:      black_bear_nest_2, layout_basic, kennysheep_mini,
          minmay_temple_entry_waves
D:8:      layout_gridville, uniq_joseph
D:9:      layout_rooms, amcnicky_altar_gilded, bloody_makhleb,
          chequers_mini_garden, uniq_pikel
D:10:     layout_stronghold, kennysheep_little_box, zin_statuary,
          david_lair_shrubbed, serial_bayou_lagoon_b
D:11:     layout_loops_ring
D:12:     layout_cave_pools, erik_orc_1, kennysheep_generic_room_7, uniq_jorgrun
D:13:     minmay_dotted_concentric_squares, layout_basic, serial_shops,
          nicolae_shop_waterfront
D:14:     layout_basic, grunt_vaults_entry_fortified, minmay_door_square,
          corexii_leaking_fountain
D:15:     hangedman_depths_entry_try_elsewhere_first, layout_loops_ring,
          abandoned_shop, uniq_kirke, uniq_azrael
Lair:1:   layout_gridlike, gauntlet_entry_generic, serial_bayou_pond_a,
          minivault_24, serial_bayou_shore_b
Lair:2:   layout_chaotic_city, shoals_dummy_entry, grunt_megastairs_3,
          infiniplex_staircase_pool_2, uniq_sonja
Lair:3:   layout_chaotic_city, spider_nest_entry_web_field
Lair:4:   layout_cave_pods, ice2_lemuel, lemuel_fruit_fields,
          grunt_megastairs_4, uniq_josephine
Lair:5:   layout_loops_ring, lemuel_fruit_fields, lemuel_fruit_tree, uniq_urug
Lair:6:   hangedman_lair_in_review, layout_loops_ring, slime_altar_1,
          hangedman_lair_generics_rect
Shoals:1: layout_shoals, uniq_louise
Shoals:2: layout_shoals, serial_shops, shop, nicolae_shoals_cliffside_cave,
          lemuel_oklob_altar
Shoals:3: layout_shoals, serial_shops, nicolae_shop_trees
Shoals:4: shoals_end_grunt_ice, layout_shoals
Spider:1: layout_chambers, einodemon_crawler_minivault,
          hangedman_spider_tarantella_strand, uniq_nikola
Spider:2: layout_spider_delve, uniq_asterion
Spider:3: nicolae_spider_mines_2
Spider:4: guppyfry_spider_rune, uniq_arachne
Slime:1:  cheibrodos_slime_lost_civilization_2, layout_caves,
          cheibrodos_slime_lost_civilization_4
Slime:2:  layout_caves, nicolae_slime_barrier, uniq_dissolution
Slime:3:  layout_caves, dissolution_awaits
Slime:4:  layout_caves
Slime:5
Orc:1:    layout_diamond_mine, portal_ice_cave_entry_ice_beasts
Orc:2:    grunt_orc_community_town_hall, layout_caves,
          grunt_orc_community_big_house_1, grunt_orc_community_big_house_2,
          grunt_orc_community_house_1, grunt_orc_community_house_3,
          grunt_orc_community_house_2, grunt_orc_community_house_3,
          grunt_orc_community_house_1, basic_altar
Elf:1:    layout_loops_cross, serial_shops, shop, hangedman_elf_disciples
Elf:2:    layout_geoelf_octagon, serial_shops, shop, shop, basic_altar,
          minmay_shop_star
Elf:3:    minmay_elf_hall_x, layout_loops_cross, uniq_aizul
Vaults:1: v_rooms_5, vaults_room_ringed_pool, st_diamondy, v_misc_33,
          dpeg_vaults_monster_row, vaults_dpeg_ring, vaults_dpeg_hooks,
          serial_ice_h, layout_vaults_quadrants
Vaults:2: ebering_vaults_ghost_xom, v_misc_25,
          hangedman_vaults_stretched_pinwheel, nicolae_vaults_asterisk,
          nicolae_vaults_diagonal_hallway_8, vaults_room_grid,
          vaults_mumra_chevron, vaults_mumra_lcd, st_smaller_cells,
          grunt_vaults_focal, vaults_room_hallway, v_pattern_5,
          hangedman_vaults_unwind, v_misc_23, layout_vaults_maze_bifur
Vaults:3: ontoclasm_vaults_twist, vaults_room_boxed,
          ontoclasm_vaults_claustrophobia, v_rooms_5,
          minmay_crypt_entry_necro_gods, ontoclasm_vaults_eye, v_misc_32,
          nicolae_vaults_specimen_jars, v_misc_14,
          nicolae_vaults_three_branches, nicolae_vaults_network_square,
          layout_vaults_ring
Vaults:4: v_misc_1, vaults_mumra_minichess, nicolae_vaults_little_squares_1,
          grunt_vaults_hallway_short, v_misc_9, ontoclasm_vaults_misaligned,
          v_alt_pattern_3, nicolae_vaults_network_quinsquares
          [nicolae_vaults_network_quincunx_subvault,
          nicolae_vaults_network_quincunx_subvault,
          nicolae_vaults_network_quincunx_subvault,
          nicolae_vaults_network_quincunx_subvault], nicolae_vaults_alarming,
          v_misc_24, vaults_room_fours, nicolae_vaults_little_squares_2,
          layout_vaults_omnicross, mu_enter_wizlab_3, uniq_xtahua
Vaults:5: uniq_mennas
Crypt:1:  layout_chaotic_city, basic_altar
Crypt:2:  layout_chaotic_city, feat_on_display, lemuel_upstairs_altar,
          uniq_sojobo
Crypt:3:  quadcrypt_mu
Tomb:1:   uniq_boris
Tomb:2
Tomb:3
Depths:1: minmay_distorted_concentric_squares, layout_basic, enter_ziggurat_b,
          tso_altar, hell_entry, minislime_mu
Depths:2: minmay_the_grid_triangle_9x9_rhombus_full
          [minmay_the_grid_triangle_9x9_negative_grid,
          minmay_the_grid_triangle_9x9_from_above,
          minmay_the_grid_triangle_9x9_semitri,
          minmay_the_grid_triangle_9x9_pentomino_pain,
          minmay_the_grid_triangle_9x9_skeleton,
          minmay_the_grid_triangle_9x9_thin_v,
          minmay_the_grid_triangle_9x9_odd_lines,
          minmay_the_grid_triangle_9x9_prize_insulated], layout_cross,
          hangedman_coc_ice_floe, roderic_lattice_a, hangedman_corner_corridor,
          minmay_staircase_windowed_small
Depths:3: kennysheep_treasure_stockpile, layout_gridlike,
          rand_demon_pan_entry_1, serial_shops, shop,
          infiniplex_staircase_hallway_doors, hell_entry, uniq_bai_suzhen
Depths:4: gammafunk_jiyva_shrine, layout_long_grid, abyss_entry, pan_entry,
          nicolae_twisting_strands, hell_entry
Depths:5: lemuel_castle_with_subvaults [lemuel_castle_interior_original],
          layout_gridlike, nicolae_uskayaw_suspiria, hangedman_geh_valley,
          horrible_house_mu, serial_bayou_shore_b
Hell
Dis:1:    layout_jigsaw
Dis:2:    layout_subdivisions
Dis:3:    layout_overlapping_boxes
Dis:4:    layout_overlapping_boxes
Dis:5:    layout_chaotic_city
Dis:6:    kennysheep_iron_temple, layout_overlapping_boxes
Dis:7:    dis_st
Geh:1:    layout_gehenna_pools_box
Geh:2:    layout_gehenna_pools_basic
Geh:3:    layout_gehenna_pools_basic, hangedman_gehenna_grave_pits
Geh:4:    layout_gehenna_pools_basic, lemuel_flamethrower_2
Geh:5:    layout_gehenna_lava_caves
Geh:6:    layout_gehenna_pools_box
Geh:7:    geh_old
Coc:1:    layout_ice_bergs
Coc:2:    layout_cocytus_water_paths
Coc:3:    layout_ice_bergs
Coc:4:    layout_cocytus_water_paths
Coc:5:    layout_cocytus_water_paths
Coc:6:    layout_cocytus_delve, nicolae_coc_three_mouths
Coc:7:    coc_grunt
Zot:1:    layout_gridlike
Zot:2:    lemuel_firehouse, layout_onion_interference
Zot:3:    layout_concentric_octagons
Zot:4:    kennysheep_blocky_hall, layout_basic
Zot:5:    layout_misc_corridors
Zig:21

Skill      XL: |  1  2  3  4  5  6  7  8  9 10 11 12 13 14 15 16 17 18 19 20 21 22 23 24 25 26 27 |
---------------+----------------------------------------------------------------------------------+-----
Dodging        | 1 2 3 4 5 7 9 11 17 | 17.6
Polearms       | 2 3 4 5 6 8 9 11 12 13 14 15 16 17 18 20 21 22 | 22.0
Armour         | 2 3 4 5 6 7 9 10 12 13 14 15 16 17 18 19 20 27 | 27.0
Invocations    | 3 4 5 6 8 10 12 13 15 16 17 18 19 20 | 20.0
Fighting       | 4 5 6 7 8 10 12 13 14 15 16 17 18 19 27 | 27.0
Necromancy     | 4 5 6 8 9 10 11 12 13 14 15 16 18 27 | 27.0
Shields        | 3 4 6 8 10 11 12 13 14 15 | 15.0
Spellcasting   | 3 5 6 7 8 9 10 11 12 13 14 19 | 19.0
Transmutations | 5 8 26 | 26.8
Throwing       | 11 | 11.0
Evocations     | 5 |  5.0

Action                   |  1- 3 |  4- 6 |  7- 9 | 10-12 | 13-15 | 16-18 | 19-21 | 22-24 | 25-27 || total
-------------------------+-------+-------+-------+-------+-------+-------+-------+-------+-------++-------
Melee: Spear             |   101 |    18 |       |       |       |       |       |       |       ||   119
       Halberd           |       |    79 |    51 |       |       |       |       |       |       ||   130
       Trident           |       |       |   153 |   565 |  1632 |  1801 |   834 |       |       ||  4985
       Headbutt          |       |       |       |    87 |   363 |   433 |   407 |   625 |  2784 ||  4699
       Unarmed           |       |       |       |       |    14 |       |       |       |       ||    14
       Demon trident     |       |       |       |       |       |       |  1446 |  2272 | 11287 || 15005
Throw: Javelin           |       |       |       |       |     3 |       |       |     7 |   110 ||   120
 Cast: Animate Dead      |       |       |       |       |       |     4 |    26 |    20 |     2 ||    52
       Death Channel     |       |       |       |       |       |       |       |     8 |    22 ||    30
       Agony             |       |       |       |       |       |       |       |     1 |       ||     1
       Necromutation     |       |       |       |       |       |       |       |       |    61 ||    61
       Infestation       |       |       |       |       |       |       |       |       |    49 ||    49
       Dispel Undead     |       |       |       |       |       |       |       |       |     8 ||     8
       Statue Form       |       |       |       |       |       |       |       |       |     1 ||     1
       Borgnjor's Vile C |       |       |       |       |       |       |       |       |     1 ||     1
Invok: Depart the Abyss  |     1 |       |       |       |     1 |     2 |       |     1 |     1 ||     6
       Bend Space        |       |       |     3 |       |     1 |       |       |       |     8 ||    12
       Banish            |       |       |       |     1 |     3 |    20 |     2 |     3 |     1 ||    30
       Corrupt           |       |       |       |       |       |       |       |     1 |       ||     1
       Enter the Abyss   |       |       |       |       |       |       |       |     1 |       ||     1
       Brand Weapon With |       |       |       |       |       |       |       |       |     1 ||     1
Evoke: Wand              |       |       |       |       |     5 |       |     3 |     2 |     1 ||    11
       Box of beasts     |       |       |       |       |       |       |     1 |     1 |       ||     2
       Phantom mirror    |       |       |       |       |       |       |       |     1 |     2 ||     3
  Use: Scroll            |     2 |     3 |     8 |    17 |    18 |     1 |    14 |    23 |    45 ||   131
       Potion            |       |     1 |       |     4 |     5 |     5 |     7 |    16 |    19 ||    57
 Stab: Sleeping          |     1 |       |       |       |       |       |       |       |       ||     1
       Petrified         |       |       |       |       |    16 |       |       |       |     3 ||    19
       Distracted        |       |       |       |       |     1 |     2 |     5 |     5 |    30 ||    43
       Petrifying        |       |       |       |       |     1 |       |       |       |       ||     1
       Invisible         |       |       |       |       |     2 |       |       |       |       ||     2
Armor: Leather armour    |     9 |       |       |       |       |       |       |       |       ||     9
       Chain mail        |    14 |    58 |    62 |   145 |   448 |   705 |   203 |       |       ||  1635
       Scale mail        |       |       |       |       |     8 |       |       |       |       ||     8
       Plate armour      |       |       |       |       |       |       |   369 |   518 |       ||   887
       Gold dragon scale |       |       |       |       |       |       |       |   249 |  3374 ||  3623
       Skin              |       |       |       |       |       |       |       |       |     1 ||     1
Dodge: Dodged            |    27 |    32 |    97 |   236 |   656 |   957 |   772 |   724 |  4029 ||  7530
Block: Buckler           |       |       |       |    49 |   155 |       |       |       |       ||   204
       Kite shield       |       |       |       |       |   180 |   906 |   871 |  1317 |  7412 || 10686
       Reflection        |       |       |       |       |       |       |       |    30 |   156 ||   186

Table legend: (Time is in decaauts)
 A = Elapsed time spent in this place.
 B = Non-inter-level travel time spent in this place.
 C = Inter-level travel time spent in this place.
 D = Time resting spent in this place.
 E = Time spent auto-exploring this place.
 F = Levels seen in this place.
 G = Mean time per level.
                   A        B        C        D        E       F      G
               +--------+--------+--------+--------+--------+-----+--------+
         Total | 122152 | 110558 |  11594 |  15443 |  68472 | 116 | 1053.0 |
       Dungeon |  19746 |  16754 |   2992 |   2634 |  11361 |  15 | 1316.4 |
          Lair |   8002 |   6720 |   1282 |    770 |   4981 |   6 | 1333.7 |
        Shoals |   6102 |   5581 |    521 |    813 |   3549 |   4 | 1525.5 |
   Spider Nest |   5269 |   5084 |    185 |    430 |   3785 |   4 | 1317.2 |
    Slime Pits |   4916 |   4798 |    118 |   3624 |     62 |   5 |  983.2 |
  Orcish Mines |   2670 |   1928 |    742 |    439 |    999 |   2 | 1335.0 |
   Elven Halls |   4417 |   3829 |    588 |    637 |   2279 |   3 | 1472.3 |
        Vaults |  11704 |  10541 |   1163 |   1188 |   7094 |   5 | 2340.8 |
         Crypt |   4882 |   3744 |   1138 |    293 |   2592 |   3 | 1627.3 |
          Tomb |   3503 |   3186 |    317 |      0 |   2218 |   3 | 1167.7 |
        Depths |   9711 |   8539 |   1172 |   1193 |   5150 |   5 | 1942.2 |
          Hell |    894 |    732 |    162 |      0 |    433 |   1 |  894.0 |
           Dis |   9601 |   9368 |    233 |    530 |   5876 |   7 | 1371.6 |
       Gehenna |   8436 |   8146 |    290 |    303 |   5722 |   7 | 1205.1 |
       Cocytus |   7736 |   7604 |    132 |      0 |   5382 |   7 | 1105.1 |
           Zot |   7120 |   6566 |    554 |   1193 |   4282 |   5 | 1424.0 |
         Abyss |   2134 |   2134 |      0 |    523 |    388 |  10 |  213.4 |
      Ziggurat |   2613 |   2613 |      0 |    192 |   1142 |  21 |  124.4 |
      Ice Cave |    812 |    812 |      0 |    151 |    332 |   1 |  812.0 |
        Wizlab |   1329 |   1329 |      0 |    361 |    636 |   1 | 1329.0 |
      Gauntlet |    543 |    543 |      0 |    167 |    204 |   1 |  543.0 |
               +--------+--------+--------+--------+--------+-----+--------+

Top non-repeatable levels by time:
Vaults:1: 3745 daAuts
   Dis:7: 3461 daAuts
 Slime:4: 3026 daAuts
    D:14: 3010 daAuts
Depths:1: 2789 daAuts
 Crypt:3: 2721 daAuts
Vaults:2: 2397 daAuts
   Zot:1: 2263 daAuts
    D:10: 2238 daAuts
Vaults:4: 2182 daAuts
   Orc:2: 2129 daAuts
Depths:2: 2129 daAuts
Depths:5: 2022 daAuts
Spider:1: 1957 daAuts
    D:15: 1921 daAuts
